Workbook
Name Building: 'Tier 04 - Asset Codes'!$B$2:$B$3
Name CC: 'Tier 01-Facility Type Pre Codes'!$F$2
Name ChambersandManholes: 'Tier 04 - Asset Codes'!$B$4:$B$12
Name ChambersandManholes1: 'Tier 04 - Asset Codes'!$N$2:$N$11
Name Civil: 'Tier 04 - Asset Codes'!$B$13:$B$17
Name Civil1: 'Tier 04 - Asset Codes'!$N$12:$N$15
Name ContainmentStructures: 'Tier 04 - Asset Codes'!$B$18:$B$27
Name ContainmentStructures1: 'Tier 04 - Asset Codes'!$N$28:$N$50
Name ControlsSystems1: 'Tier 04 - Asset Codes'!$N$51:$N$57
Name ControlStructures: 'Tier 04 - Asset Codes'!$B$209:$B$214
Name ControlStructures1: 'Tier 04 - Asset Codes'!$N$312:$N$321
Name ControlSystems: 'Tier 04 - Asset Codes'!$B$28:$B$43
Name DL: 'Tier 01-Facility Type Pre Codes'!$F$3
Name DP: 'Tier 01-Facility Type Pre Codes'!$F$4:$F$72
Name DT: 'Tier 01-Facility Type Pre Codes'!$F$73:$F$77
Name ElectricalRotating: 'Tier 04 - Asset Codes'!$B$44:$B$46
Name ElectricalRotating1: 'Tier 04 - Asset Codes'!$N$58:$N$84
Name ElectricalStatic: 'Tier 04 - Asset Codes'!$B$47:$B$81
Name ElectricalStatic1: 'Tier 04 - Asset Codes'!$N$85:$N$122
Name Equipment: 'Tier 04 - Asset Codes'!$B$82:$B$83
Name InstrumentsandMonitoringEquipment: 'Tier 04 - Asset Codes'!$B$84:$B$134
Name InstrumentsandMonitoringEquipment1: 'Tier 04 - Asset Codes'!$N$123:$N$153
Name Land: 'Tier 04 - Asset Codes'!$B$135
Name Land1: 'Tier 04 - Asset Codes'!$N$154:$N$164
Name MechanicalRotating: 'Tier 04 - Asset Codes'!$B$136:$B$158
Name MechanicalRotating1: 'Tier 04 - Asset Codes'!$N$165:$N$268
Name MechanicalStatic: 'Tier 04 - Asset Codes'!$B$159:$B$200
Name MechanicalStatic1: 'Tier 04 - Asset Codes'!$N$269:$N$311
Name Other: ""
Name PipesandConduits: 'Tier 04 - Asset Codes'!$B$201:$B$208
Name PipesandConduits1: 'Tier 04 - Asset Codes'!$N$16:$N$27
Name RN: 'Tier 01-Facility Type Pre Codes'!$F$78:$F$81
Name RoadsBridgesandRail: 'Tier 04 - Asset Codes'!$B$215:$B$218
Name RoadsBridgesandRail1: 'Tier 04 - Asset Codes'!$N$322:$N$324
Name RP: 'Tier 01-Facility Type Pre Codes'!$F$82:$F$88
Name RR: 'Tier 01-Facility Type Pre Codes'!$F$89:$F$131
Name SiteServices: 'Tier 04 - Asset Codes'!$B$219:$B$233
Name ST: 'Tier 01-Facility Type Pre Codes'!$F$132:$F$143
Name Storm: 'Data Lookup'!$B$6:$B$8
Name Storm1: 'Tier 02 - Process Area Codes'!$G$2:$G$101
Name Storm2: 'Tier 02 - Process Area Codes'!$G$1:$H$101
Name TE: 'Tier 01-Facility Type Pre Codes'!$F$144
Name Tools: 'Tier 04 - Asset Codes'!$B$239
Name TreatmentDevices: 'Tier 04 - Asset Codes'!$B$234:$B$238
Name Valves: 'Tier 04 - Asset Codes'!$B$240:$B$259
Name Vehicles: 'Tier 04 - Asset Codes'!$B$260
Name Waste: 'Data Lookup'!$B$9:$B$14
Name Waste1: 'Tier 02 - Process Area Codes'!$D$2:$D$101
Name Waste2: 'Tier 02 - Process Area Codes'!$D$1:$E$101
Name Water: 'Data Lookup'!$B$3:$B$5
Name Water1: 'Tier 02 - Process Area Codes'!$A$2:$A$101
Name Water2: 'Tier 02 - Process Area Codes'!$A$1:$B$101
Name Waterway: 'Tier 04 - Asset Codes'!$B$261:$B$263
Name WL: 'Tier 01-Facility Type Pre Codes'!$F$145:$F$153
Name WP: 'Tier 01-Facility Type Pre Codes'!$F$154:$F$178
Name WR: 'Tier 01-Facility Type Pre Codes'!$F$179:$F$217
Name WW: 'Tier 01-Facility Type Pre Codes'!$F$218:$F$241

Sheet Document Control
A4: Document Log:
A5: Version | B5: Class | C5: Date | D5: Details
A6: V1.0 | B6: General | C6: 45206 | D6: Document was created.
A7: V2.0 | B7: Updated to link to Bulk Upload Sheet | C7: 45342 | D7: More dropdown fields validated, and changed layout to better fit

Sheet Instructions
C2: Water Services As Built Data Specification - Plant
C4: Purpose:
C5: Table to consolidate Equipment schedule for new Plant Equipment as well as key attributes required for each of the assets that are being built/installed
C7: Colour Key
C8: The header cells are colour coded
D9: These are mandatory cells to fill in
D10: These cells are mandatory to fill in
D11: These cells have a data validation field - please use the drop down boxes to complete
D12: These cells depend on the Asset type whether this needs filling in - not all assets will have a value in each cell - please tailor based on asset
D13: These cells are calculation which auto fill
C15: Instructions
B16: 1 | C16: Fill in Asset data in the Sheet labelled 'Data Entry'
B17: 2 | C17: Start a new row for each item of equipment e.g. if it is on the Equipment schedule or PID then it needs to be listed on the table
B18: 3 | C18: The header cells are colour coded - use the key to determine which values are required
B19: 4 | C19: For process equipment there may not be a value in Asset Type that matches - if this is the case select 'New Asset Type' in the drop down options and type in the description column a common descriptor for that asset
B20: 5 | C20: There are notes on top of some of the columns to provide further guidance - as well as Tier 2-4 sheets to show what data the dropdown boxes are pulling from
B21: 6 | C21: Note the formula's only go to 1000 lines - if further lines needed please see Asset Manager about adding in more columns
B22: 7 | C22: Once complete, and satisfied with data completeness - In Sheet labelled 'Data Output' - copy the table paste values into the Asset Bulk Upload Sheet

Sheet Data Entry
F1: Hide | H1: Hide | P1: Hide | R1: Hide | S1: Hide | T1: Hide | Z1: Hide | AB1: Hide | AC1: HIDE | AD1: HIDE
C2: Western Bay of Plenty District Council
C3: Water Services As Built Data Specification | D3: Owner | E3: WBP
C4: Project Details | D4: Process Type | P4: =E4&"1" -> 1
D5: Facility | P5: =IFERROR(VLOOKUP(E5,'Tier 01-Facility Type Pre Codes'!B1:C14,2,FALSE),"")
D6: Site | P6: =IFERROR(VLOOKUP(E6,'Tier 01-Facility Type Pre Codes'!F:H,3,FALSE),"")
D7: Location | P7: =IFERROR(VLOOKUP(E7,'Data Lookup'!B:C,2,FALSE),"")
D8: Asset Acquisition Type | P8: =IFERROR(VLOOKUP(E8,'Data Lookup'!F3:G7,2,FALSE),"")
D9: Reference Drawing
D10: Job / Contract No:
D11: Installation Date
D12: Service Status | P12: =IFERROR(VLOOKUP(E12,'Data Lookup'!N2:O10,2,FALSE),"")
B13: Asset Details | O13: Asset Classification | AF13: Process Information
B14: Mandatory | C14: Mandatory | D14: Mandatory | E14: Mandatory | G14: Mandatory - Drop Down | I14: Mandatory | J14: Optional | K14: Optional | L14: Optional | M14: Optional | N14: Mandatory | O14: Mandatory - Drop Down | P14: Mandatory - Drop Down | Q14: Mandatory - Drop Down | R14: Mandatory - Drop Down | S14: Mandatory - Drop Down | T14: Mandatory - Drop Down | U14: Mandatory - Drop Down | V14: Mandatory - Drop Down | W14: Mandatory if Highlighted | X14: Mandatory if Highlighted | Y14: Mandatory - Drop Down | AA14: Optional- Drop Down | AE14: Auto-filled | AF14: Optional | AG14: Optional | AH14: Optional | AI14: Optional | AJ14: Optional | AK14: Optional | AL14: Optional | AM14: Optional | AN14: Optional | AO14: Optional | AP14: Optional | AQ14: Optional | AR14: Optional | AS14: Optional | AT14: Optional | AU14: Optional | AV14: Optional | AW14: Optional | AX14: Optional | AY14: Optional | AZ14: Optional | BA14: Optional | BB14: Optional | BC14: Optional | BD14: Optional | BE14: Optional | BF14: Optional | BG14: Optional | BH14: Optional
B15: Please refer to Tier04 for the Alpha code per item type followed by a unique number per asset - must be labelled on the drawing with this number | G15: If material unknown or not on list please use UnDef | W15: This is the value in Column N (Asset Class) | X15: This is the value in Coloum A (Item Tag No:) | Y15: Refer to Tier02 tab for options | AA15: Optional - Refer to Tier 03 tab for guidance. Only Required for Process Solutions in TP
B16: Item Tag No: | C16: Description | D16: Manufacturer | E16: Model (Name and/or Number) | G16: Material | I16: Value ($) | J16: Serial Number | K16: DN (mm) | L16: Length (m) | M16: Depth (mm) | N16: Expected Life (Years) | O16: Asset Class | Q16: Asset Type | R16: AssetType | S16: AssetCode | U16: Unit Type | V16: What type of Asset is this? | W16: Parent Asset Class | X16: Parent Asset Tag No: | Y16: Process Area | AA16: Sub Process | AC16: Parent Asset Tag | AD16: Item Asset Tag | AE16: Hierachy ID | AF16: Flow (l/s) | AG16: Head Max. (m) | AH16: Head Design (m) | AI16: Max. Pressure (KPa) | AJ16: Max. Torque (Nm) | AK16: Frequency (Hz) | AL16: Voltage (V) | AM16: Input Voltage (V) | AN16: Output Voltage (V) | AO16: # of I/P | AP16: # of O/P | AQ16: Nominal Speed (rpm) | AR16: Power Rating (kW) | AS16: Current Load (Amps) | AT16: Pressure Range (KPa) | AU16: Range Details | AV16: Control Output | AW16: Capacity | AX16: Capacity units (m3 etc) | AY16: Safe Working Load (Kg) | AZ16: Cross Sectional Area (m2) | BA16: Reduction Ratio | BB16: Mounting Type | BC16: Screen Resolution | BD16: Species | BE16: Poles | BF16: Phases | BG16: IP Rating | BH16: Setting
F18: =IFERROR(VLOOKUP(U18,'Tier 04 - Asset Codes'!N:O,2,FALSE),"") | H18: =IFERROR(VLOOKUP(G18,'Data Lookup'!R:S,2,FALSE),"") | P18: =SUBSTITUTE(O18," ","") | R18: =IFERROR(VLOOKUP(Q18,'Tier 04 - Asset Codes'!B:G,6,FALSE),"") | S18: =IFERROR(VLOOKUP(Q18,'Tier 04 - Asset Codes'!B:F,5,FALSE),"") | T18: =P18&"1" -> 1 | Z18: =IFERROR("-"&VLOOKUP(Y18,INDIRECT(E5&"2"),2,FALSE),"") | AB18: =IFERROR("-"&VLOOKUP(AA18,'Tier 03-Sub-Process Area Codes'!B:C,2,FALSE),"") | AC18: =IF(X18="","","-"&X18) | AD18: =IF(B18="","","-"&B18) | AE18: =$P$6&Z18&AB18&AC18&AD18
F19: =IFERROR(VLOOKUP(U19,'Tier 04 - Asset Codes'!N:O,2,FALSE),"") | H19: =IFERROR(VLOOKUP(G19,'Data Lookup'!R:S,2,FALSE),"") | P19: =SUBSTITUTE(O19," ","") | R19: =IFERROR(VLOOKUP(Q19,'Tier 04 - Asset Codes'!B:G,6,FALSE),"") | S19: =IFERROR(VLOOKUP(Q19,'Tier 04 - Asset Codes'!B:F,5,FALSE),"") | T19: =P19&"1" -> 1 | Z19: =IFERROR("-"&VLOOKUP(Y19,INDIRECT(E6&"2"),2,FALSE),"") | AB19: =IFERROR("-"&VLOOKUP(AA19,'Tier 03-Sub-Process Area Codes'!B:C,2,FALSE),"") | AC19: =IF(X19="","","-"&X19) | AD19: =IF(B19="","","-"&B19) | AE19: =$P$6&Z19&AB19&AC19&AD19
F20: =IFERROR(VLOOKUP(U20,'Tier 04 - Asset Codes'!N:O,2,FALSE),"") | H20: =IFERROR(VLOOKUP(G20,'Data Lookup'!R:S,2,FALSE),"") | P20: =SUBSTITUTE(O20," ","") | R20: =IFERROR(VLOOKUP(Q20,'Tier 04 - Asset Codes'!B:G,6,FALSE),"") | S20: =IFERROR(VLOOKUP(Q20,'Tier 04 - Asset Codes'!B:F,5,FALSE),"") | T20: =P20&"1" -> 1 | Z20: =IFERROR("-"&VLOOKUP(Y20,INDIRECT(E7&"2"),2,FALSE),"") | AB20: =IFERROR("-"&VLOOKUP(AA20,'Tier 03-Sub-Process Area Codes'!B:C,2,FALSE),"") | AC20: =IF(X20="","","-"&X20) | AD20: =IF(B20="","","-"&B20) | AE20: =$P$6&Z20&AB20&AC20&AD20
F21: =IFERROR(VLOOKUP(U21,'Tier 04 - Asset Codes'!N:O,2,FALSE),"") | H21: =IFERROR(VLOOKUP(G21,'Data Lookup'!R:S,2,FALSE),"") | P21: =SUBSTITUTE(O21," ","") | R21: =IFERROR(VLOOKUP(Q21,'Tier 04 - Asset Codes'!B:G,6,FALSE),"") | S21: =IFERROR(VLOOKUP(Q21,'Tier 04 - Asset Codes'!B:F,5,FALSE),"") | T21: =P21&"1" -> 1 | Z21: =IFERROR("-"&VLOOKUP(Y21,INDIRECT(E8&"2"),2,FALSE),"") | AB21: =IFERROR("-"&VLOOKUP(AA21,'Tier 03-Sub-Process Area Codes'!B:C,2,FALSE),"") | AC21: =IF(X21="","","-"&X21) | AD21: =IF(B21="","","-"&B21) | AE21: =$P$6&Z21&AB21&AC21&AD21
F22: =IFERROR(VLOOKUP(U22,'Tier 04 - Asset Codes'!N:O,2,FALSE),"") | H22: =IFERROR(VLOOKUP(G22,'Data Lookup'!R:S,2,FALSE),"") | P22: =SUBSTITUTE(O22," ","") | R22: =IFERROR(VLOOKUP(Q22,'Tier 04 - Asset Codes'!B:G,6,FALSE),"") | S22: =IFERROR(VLOOKUP(Q22,'Tier 04 - Asset Codes'!B:F,5,FALSE),"") | T22: =P22&"1" -> 1 | Z22: =IFERROR("-"&VLOOKUP(Y22,INDIRECT(E9&"2"),2,FALSE),"") | AB22: =IFERROR("-"&VLOOKUP(AA22,'Tier 03-Sub-Process Area Codes'!B:C,2,FALSE),"") | AC22: =IF(X22="","","-"&X22) | AD22: =IF(B22="","","-"&B22) | AE22: =$P$6&Z22&AB22&AC22&AD22
F23: =IFERROR(VLOOKUP(U23,'Tier 04 - Asset Codes'!N:O,2,FALSE),"") | H23: =IFERROR(VLOOKUP(G23,'Data Lookup'!R:S,2,FALSE),"") | P23: =SUBSTITUTE(O23," ","") | R23: =IFERROR(VLOOKUP(Q23,'Tier 04 - Asset Codes'!B:G,6,FALSE),"") | S23: =IFERROR(VLOOKUP(Q23,'Tier 04 - Asset Codes'!B:F,5,FALSE),"") | T23: =P23&"1" -> 1 | Z23: =IFERROR("-"&VLOOKUP(Y23,INDIRECT(E10&"2"),2,FALSE),"") | AB23: =IFERROR("-"&VLOOKUP(AA23,'Tier 03-Sub-Process Area Codes'!B:C,2,FALSE),"") | AC23: =IF(X23="","","-"&X23) | AD23: =IF(B23="","","-"&B23) | AE23: =$P$6&Z23&AB23&AC23&AD23
F24: =IFERROR(VLOOKUP(U24,'Tier 04 - Asset Codes'!N:O,2,FALSE),"") | H24: =IFERROR(VLOOKUP(G24,'Data Lookup'!R:S,2,FALSE),"") | P24: =SUBSTITUTE(O24," ","") | R24: =IFERROR(VLOOKUP(Q24,'Tier 04 - Asset Codes'!B:G,6,FALSE),"") | S24: =IFERROR(VLOOKUP(Q24,'Tier 04 - Asset Codes'!B:F,5,FALSE),"") | T24: =P24&"1" -> 1 | Z24: =IFERROR("-"&VLOOKUP(Y24,INDIRECT(E11&"2"),2,FALSE),"") | AB24: =IFERROR("-"&VLOOKUP(AA24,'Tier 03-Sub-Process Area Codes'!B:C,2,FALSE),"") | AC24: =IF(X24="","","-"&X24) | AD24: =IF(B24="","","-"&B24) | AE24: =$P$6&Z24&AB24&AC24&AD24
F25: =IFERROR(VLOOKUP(U25,'Tier 04 - Asset Codes'!N:O,2,FALSE),"") | H25: =IFERROR(VLOOKUP(G25,'Data Lookup'!R:S,2,FALSE),"") | P25: =SUBSTITUTE(O25," ","") | R25: =IFERROR(VLOOKUP(Q25,'Tier 04 - Asset Codes'!B:G,6,FALSE),"") | S25: =IFERROR(VLOOKUP(Q25,'Tier 04 - Asset Codes'!B:F,5,FALSE),"") | T25: =P25&"1" -> 1 | Z25: =IFERROR("-"&VLOOKUP(Y25,INDIRECT(E12&"2"),2,FALSE),"") | AB25: =IFERROR("-"&VLOOKUP(AA25,'Tier 03-Sub-Process Area Codes'!B:C,2,FALSE),"") | AC25: =IF(X25="","","-"&X25) | AD25: =IF(B25="","","-"&B25) | AE25: =$P$6&Z25&AB25&AC25&AD25
F26: =IFERROR(VLOOKUP(U26,'Tier 04 - Asset Codes'!N:O,2,FALSE),"") | H26: =IFERROR(VLOOKUP(G26,'Data Lookup'!R:S,2,FALSE),"") | P26: =SUBSTITUTE(O26," ","") | R26: =IFERROR(VLOOKUP(Q26,'Tier 04 - Asset Codes'!B:G,6,FALSE),"") | S26: =IFERROR(VLOOKUP(Q26,'Tier 04 - Asset Codes'!B:F,5,FALSE),"") | T26: =P26&"1" -> 1 | Z26: =IFERROR("-"&VLOOKUP(Y26,INDIRECT(E14&"2"),2,FALSE),"") | AB26: =IFERROR("-"&VLOOKUP(AA26,'Tier 03-Sub-Process Area Codes'!B:C,2,FALSE),"") | AC26: =IF(X26="","","-"&X26) | AD26: =IF(B26="","","-"&B26) | AE26: =$P$6&Z26&AB26&AC26&AD26
F27: =IFERROR(VLOOKUP(U27,'Tier 04 - Asset Codes'!N:O,2,FALSE),"") | H27: =IFERROR(VLOOKUP(G27,'Data Lookup'!R:S,2,FALSE),"") | P27: =SUBSTITUTE(O27," ","") | R27: =IFERROR(VLOOKUP(Q27,'Tier 04 - Asset Codes'!B:G,6,FALSE),"") | S27: =IFERROR(VLOOKUP(Q27,'Tier 04 - Asset Codes'!B:F,5,FALSE),"") | T27: =P27&"1" -> 1 | Z27: =IFERROR("-"&VLOOKUP(Y27,INDIRECT(E16&"2"),2,FALSE),"") | AB27: =IFERROR("-"&VLOOKUP(AA27,'Tier 03-Sub-Process Area Codes'!B:C,2,FALSE),"") | AC27: =IF(X27="","","-"&X27) | AD27: =IF(B27="","","-"&B27) | AE27: =$P$6&Z27&AB27&AC27&AD27
F28: =IFERROR(VLOOKUP(U28,'Tier 04 - Asset Codes'!N:O,2,FALSE),"") | H28: =IFERROR(VLOOKUP(G28,'Data Lookup'!R:S,2,FALSE),"") | P28: =SUBSTITUTE(O28," ","") | R28: =IFERROR(VLOOKUP(Q28,'Tier 04 - Asset Codes'!B:G,6,FALSE),"") | S28: =IFERROR(VLOOKUP(Q28,'Tier 04 - Asset Codes'!B:F,5,FALSE),"") | T28: =P28&"1" -> 1 | Z28: =IFERROR("-"&VLOOKUP(Y28,INDIRECT(E17&"2"),2,FALSE),"") | AB28: =IFERROR("-"&VLOOKUP(AA28,'Tier 03-Sub-Process Area Codes'!B:C,2,FALSE),"") | AC28: =IF(X28="","","-"&X28) | AD28: =IF(B28="","","-"&B28) | AE28: =$P$6&Z28&AB28&AC28&AD28
F29: =IFERROR(VLOOKUP(U29,'Tier 04 - Asset Codes'!N:O,2,FALSE),"") | H29: =IFERROR(VLOOKUP(G29,'Data Lookup'!R:S,2,FALSE),"") | P29: =SUBSTITUTE(O29," ","") | R29: =IFERROR(VLOOKUP(Q29,'Tier 04 - Asset Codes'!B:G,6,FALSE),"") | S29: =IFERROR(VLOOKUP(Q29,'Tier 04 - Asset Codes'!B:F,5,FALSE),"") | T29: =P29&"1" -> 1 | Z29: =IFERROR("-"&VLOOKUP(Y29,INDIRECT(E18&"2"),2,FALSE),"") | AB29: =IFERROR("-"&VLOOKUP(AA29,'Tier 03-Sub-Process Area Codes'!B:C,2,FALSE),"") | AC29: =IF(X29="","","-"&X29) | AD29: =IF(B29="","","-"&B29) | AE29: =$P$6&Z29&AB29&AC29&AD29
F30: =IFERROR(VLOOKUP(U30,'Tier 04 - Asset Codes'!N:O,2,FALSE),"") | H30: =IFERROR(VLOOKUP(G30,'Data Lookup'!R:S,2,FALSE),"") | P30: =SUBSTITUTE(O30," ","") | R30: =IFERROR(VLOOKUP(Q30,'Tier 04 - Asset Codes'!B:G,6,FALSE),"") | S30: =IFERROR(VLOOKUP(Q30,'Tier 04 - Asset Codes'!B:F,5,FALSE),"") | T30: =P30&"1" -> 1 | Z30: =IFERROR("-"&VLOOKUP(Y30,INDIRECT(E19&"2"),2,FALSE),"") | AB30: =IFERROR("-"&VLOOKUP(AA30,'Tier 03-Sub-Process Area Codes'!B:C,2,FALSE),"") | AC30: =IF(X30="","","-"&X30) | AD30: =IF(B30="","","-"&B30) | AE30: =$P$6&Z30&AB30&AC30&AD30
F31: =IFERROR(VLOOKUP(U31,'Tier 04 - Asset Codes'!N:O,2,FALSE),"") | H31: =IFERROR(VLOOKUP(G31,'Data Lookup'!R:S,2,FALSE),"") | P31: =SUBSTITUTE(O31," ","") | R31: =IFERROR(VLOOKUP(Q31,'Tier 04 - Asset Codes'!B:G,6,FALSE),"") | S31: =IFERROR(VLOOKUP(Q31,'Tier 04 - Asset Codes'!B:F,5,FALSE),"") | T31: =P31&"1" -> 1 | Z31: =IFERROR("-"&VLOOKUP(Y31,INDIRECT(E20&"2"),2,FALSE),"") | AB31: =IFERROR("-"&VLOOKUP(AA31,'Tier 03-Sub-Process Area Codes'!B:C,2,FALSE),"") | AC31: =IF(X31="","","-"&X31) | AD31: =IF(B31="","","-"&B31) | AE31: =$P$6&Z31&AB31&AC31&AD31
F32: =IFERROR(VLOOKUP(U32,'Tier 04 - Asset Codes'!N:O,2,FALSE),"") | H32: =IFERROR(VLOOKUP(G32,'Data Lookup'!R:S,2,FALSE),"") | P32: =SUBSTITUTE(O32," ","") | R32: =IFERROR(VLOOKUP(Q32,'Tier 04 - Asset Codes'!B:G,6,FALSE),"") | S32: =IFERROR(VLOOKUP(Q32,'Tier 04 - Asset Codes'!B:F,5,FALSE),"") | T32: =P32&"1" -> 1 | Z32: =IFERROR("-"&VLOOKUP(Y32,INDIRECT(E21&"2"),2,FALSE),"") | AB32: =IFERROR("-"&VLOOKUP(AA32,'Tier 03-Sub-Process Area Codes'!B:C,2,FALSE),"") | AC32: =IF(X32="","","-"&X32) | AD32: =IF(B32="","","-"&B32) | AE32: =$P$6&Z32&AB32&AC32&AD32
F33: =IFERROR(VLOOKUP(U33,'Tier 04 - Asset Codes'!N:O,2,FALSE),"") | H33: =IFERROR(VLOOKUP(G33,'Data Lookup'!R:S,2,FALSE),"") | P33: =SUBSTITUTE(O33," ","") | R33: =IFERROR(VLOOKUP(Q33,'Tier 04 - Asset Codes'!B:G,6,FALSE),"") | S33: =IFERROR(VLOOKUP(Q33,'Tier 04 - Asset Codes'!B:F,5,FALSE),"") | T33: =P33&"1" -> 1 | Z33: =IFERROR("-"&VLOOKUP(Y33,INDIRECT(E22&"2"),2,FALSE),"") | AB33: =IFERROR("-"&VLOOKUP(AA33,'Tier 03-Sub-Process Area Codes'!B:C,2,FALSE),"") | AC33: =IF(X33="","","-"&X33) | AD33: =IF(B33="","","-"&B33) | AE33: =$P$6&Z33&AB33&AC33&AD33
F34: =IFERROR(VLOOKUP(U34,'Tier 04 - Asset Codes'!N:O,2,FALSE),"") | H34: =IFERROR(VLOOKUP(G34,'Data Lookup'!R:S,2,FALSE),"") | P34: =SUBSTITUTE(O34," ","") | R34: =IFERROR(VLOOKUP(Q34,'Tier 04 - Asset Codes'!B:G,6,FALSE),"") | S34: =IFERROR(VLOOKUP(Q34,'Tier 04 - Asset Codes'!B:F,5,FALSE),"") | T34: =P34&"1" -> 1 | Z34: =IFERROR("-"&VLOOKUP(Y34,INDIRECT(E23&"2"),2,FALSE),"") | AB34: =IFERROR("-"&VLOOKUP(AA34,'Tier 03-Sub-Process Area Codes'!B:C,2,FALSE),"") | AC34: =IF(X34="","","-"&X34) | AD34: =IF(B34="","","-"&B34) | AE34: =$P$6&Z34&AB34&AC34&AD34
F35: =IFERROR(VLOOKUP(U35,'Tier 04 - Asset Codes'!N:O,2,FALSE),"") | H35: =IFERROR(VLOOKUP(G35,'Data Lookup'!R:S,2,FALSE),"") | P35: =SUBSTITUTE(O35," ","") | R35: =IFERROR(VLOOKUP(Q35,'Tier 04 - Asset Codes'!B:G,6,FALSE),"") | S35: =IFERROR(VLOOKUP(Q35,'Tier 04 - Asset Codes'!B:F,5,FALSE),"") | T35: =P35&"1" -> 1 | Z35: =IFERROR("-"&VLOOKUP(Y35,INDIRECT(E24&"2"),2,FALSE),"") | AB35: =IFERROR("-"&VLOOKUP(AA35,'Tier 03-Sub-Process Area Codes'!B:C,2,FALSE),"") | AC35: =IF(X35="","","-"&X35) | AD35: =IF(B35="","","-"&B35) | AE35: =$P$6&Z35&AB35&AC35&AD35
F36: =IFERROR(VLOOKUP(U36,'Tier 04 - Asset Codes'!N:O,2,FALSE),"") | H36: =IFERROR(VLOOKUP(G36,'Data Lookup'!R:S,2,FALSE),"") | P36: =SUBSTITUTE(O36," ","") | R36: =IFERROR(VLOOKUP(Q36,'Tier 04 - Asset Codes'!B:G,6,FALSE),"") | S36: =IFERROR(VLOOKUP(Q36,'Tier 04 - Asset Codes'!B:F,5,FALSE),"") | T36: =P36&"1" -> 1 | Z36: =IFERROR("-"&VLOOKUP(Y36,INDIRECT(E25&"2"),2,FALSE),"") | AB36: =IFERROR("-"&VLOOKUP(AA36,'Tier 03-Sub-Process Area Codes'!B:C,2,FALSE),"") | AC36: =IF(X36="","","-"&X36) | AD36: =IF(B36="","","-"&B36) | AE36: =$P$6&Z36&AB36&AC36&AD36
F37: =IFERROR(VLOOKUP(U37,'Tier 04 - Asset Codes'!N:O,2,FALSE),"") | H37: =IFERROR(VLOOKUP(G37,'Data Lookup'!R:S,2,FALSE),"") | P37: =SUBSTITUTE(O37," ","") | R37: =IFERROR(VLOOKUP(Q37,'Tier 04 - Asset Codes'!B:G,6,FALSE),"") | S37: =IFERROR(VLOOKUP(Q37,'Tier 04 - Asset Codes'!B:F,5,FALSE),"") | T37: =P37&"1" -> 1 | Z37: =IFERROR("-"&VLOOKUP(Y37,INDIRECT(E26&"2"),2,FALSE),"") | AB37: =IFERROR("-"&VLOOKUP(AA37,'Tier 03-Sub-Process Area Codes'!B:C,2,FALSE),"") | AC37: =IF(X37="","","-"&X37) | AD37: =IF(B37="","","-"&B37) | AE37: =$P$6&Z37&AB37&AC37&AD37
F38: =IFERROR(VLOOKUP(U38,'Tier 04 - Asset Codes'!N:O,2,FALSE),"") | H38: =IFERROR(VLOOKUP(G38,'Data Lookup'!R:S,2,FALSE),"") | P38: =SUBSTITUTE(O38," ","") | R38: =IFERROR(VLOOKUP(Q38,'Tier 04 - Asset Codes'!B:G,6,FALSE),"") | S38: =IFERROR(VLOOKUP(Q38,'Tier 04 - Asset Codes'!B:F,5,FALSE),"") | T38: =P38&"1" -> 1 | Z38: =IFERROR("-"&VLOOKUP(Y38,INDIRECT(E27&"2"),2,FALSE),"") | AB38: =IFERROR("-"&VLOOKUP(AA38,'Tier 03-Sub-Process Area Codes'!B:C,2,FALSE),"") | AC38: =IF(X38="","","-"&X38) | AD38: =IF(B38="","","-"&B38) | AE38: =$P$6&Z38&AB38&AC38&AD38
... F1017: =IFERROR(VLOOKUP(U1017,'Tier 04 - Asset Codes'!N:O,2,FALSE),"") | H1017: =IFERROR(VLOOKUP(G1017,'Data Lookup'!R:S,2,FALSE),"") | P1017: =SUBSTITUTE(O1017," ","") | R1017: =IFERROR(VLOOKUP(Q1017,'Tier 04 - Asset Codes'!B:G,6,FALSE),"") | S1017: =IFERROR(VLOOKUP(Q1017,'Tier 04 - Asset Codes'!B:F,5,FALSE),"") | T1017: =P1017&"1" -> 1 | Z1017: =IFERROR("-"&VLOOKUP(Y1017,INDIRECT(E1006&"2"),2,FALSE),"") | AB1017: =IFERROR("-"&VLOOKUP(AA1017,'Tier 03-Sub-Process Area Codes'!B:C,2,FALSE),"") | AC1017: =IF(X1017="","","-"&X1017) | AD1017: =IF(B1017="","","-"&B1017) | AE1017: =$P$6&Z1017&AB1017&AC1017&AD1017

Sheet Transfer
A1: asbuilt | B1: assetkeygen | C1: HierarchyID | D1: usagearea | E1: agencycharacter1 | F1: area | G1: AcqType | H1: projectno | I1: averagemonthlyusage | J1: budgetnumber | K1: budget | L1: buildingfloor | M1: assetcode | N1: assettype | O1: expectedlife | P1: expectedlifeuom | Q1: installeddate | R1: manufacturer | S1: ownership | T1: servicestatus | U1: specialinstructions | V1: subarea | W1: unitdesc | X1: unitdesc1 | Y1: unittype | Z1: xcoordinate | AA1: ycoordinate | AB1: zcoordinate | AC1: costcentre | AD1: criticality | AE1: businessarea | AF1: make | AG1: color | AH1: condition | AI1: diameter | AJ1: diameteruom | AK1: district | AL1: disposaldesc | AM1: depth | AN1: depthuom | AO1: elevation | AP1: elevationuom | AQ1: gisstaticidentifier | AR1: height | AS1: heightuom | AT1: length | AU1: lengthuom | AV1: location | AW1: material | AX1: manufactured | AY1: modelnumber | AZ1: position | BA1: purchasecost | BB1: purchased | BC1: serialnumber | BD1: subunitof | BE1: surface | BF1: id | BG1: usagedate | BH1: totalusage | BI1: totalusageuom | BJ1: width | BK1: widthuom | BL1: weight | BM1: weightuom | BN1: safetycritical | BO1: mapnumber | BP1: expiredate | BQ1: expiredby | BR1: drawingno | BS1: mainkey | BT1: modelno | BU1: sitekey | BV1: zonecatchment | BW1: addrqual | BX1: reliabilitystatus | BY1: reliabilitydate | BZ1: reliabilitygeospatial | CA1: reliabilityownership | CB1: reliabilitydiameter | CC1: reliabilitydepth | CD1: reliabilitymaterial | CE1: separator | CF1: agencycharacter2 | CG1: agencycode1 | CH1: agencycode2 | CI1: agencydate1 | CJ1: agencydate2 | CK1: agencyflag1 | CL1: agencyflag2 | CM1: agencyinteger1 | CN1: agencyinteger2
A2: 121 | C2: DTTP0552-D20-pipe101 | E2: pipe101 | F2: DTTP0552 | G2: CONS | H2: 23-1011 | M2: CONP | N2: 21 | O2: 20 | P2: Years | Q2: 45342 | R2: hynds | S2: WBP | T2: OP | X2: pipe | Y2: PIPE-PRES | AC2: 97600101 | AD2: 1 | AI2: 150 | AJ2: mm | AM2: 1500 | AN2: mm | AT2: 1630 | AU2: mm | AW2: PVC | AX2: hynds | AY2: retic | BA2: 10 | BC2: 111 | BR2: 121

Sheet Data Output
A1: asbuilt | B1: assetkeygen | C1: HierarchyID | D1: usagearea | E1: agencycharacter1 | F1: area | G1: AcqType | H1: projectno | I1: averagemonthlyusage | J1: budgetnumber | K1: budget | L1: buildingfloor | M1: assetcode | N1: assettype | O1: expectedlife | P1: expectedlifeuom | Q1: installeddate | R1: manufacturer | S1: ownership | T1: servicestatus | U1: specialinstructions | V1: subarea | W1: unitdesc | X1: unitdesc1 | Y1: unittype | Z1: xcoordinate | AA1: ycoordinate | AB1: zcoordinate | AC1: costcentre | AD1: criticality | AE1: businessarea | AF1: make | AG1: color | AH1: condition | AI1: diameter | AJ1: diameteruom | AK1: district | AL1: disposaldesc | AM1: depth | AN1: depthuom | AO1: elevation | AP1: elevationuom | AQ1: gisstaticidentifier | AR1: height | AS1: heightuom | AT1: length | AU1: lengthuom | AV1: location | AW1: material | AX1: manufactured | AY1: modelnumber | AZ1: position | BA1: purchasecost | BB1: purchased | BC1: serialnumber | BD1: subunitof | BE1: surface | BF1: id | BG1: usagedate | BH1: totalusage | BI1: totalusageuom | BJ1: width | BK1: widthuom | BL1: weight | BM1: weightuom | BN1: safetycritical | BO1: mapnumber | BP1: expiredate | BQ1: expiredby | BR1: drawingno | BS1: mainkey | BT1: modelno | BU1: sitekey | BV1: zonecatchment | BW1: addrqual | BX1: reliabilitystatus | BY1: reliabilitydate | BZ1: reliabilitygeospatial | CA1: reliabilityownership | CB1: reliabilitydiameter | CC1: reliabilitydepth | CD1: reliabilitymaterial | CE1: separator | CF1: agencycharacter2 | CG1: agencycode1 | CH1: agencycode2 | CI1: agencydate1 | CJ1: agencydate2 | CK1: agencyflag1 | CL1: agencyflag2 | CM1: agencyinteger1 | CN1: agencyinteger2
A2: =IF('Data Entry'!B17=0,"",'Data Entry'!E$9) | C2: =IF('Data Entry'!B17=0,"",'Data Entry'!AE17) | E2: =IF('Data Entry'!B17=0,"",'Data Entry'!B17) | F2: =IF('Data Entry'!B17=0,"",'Data Entry'!$P$6) | G2: =IF('Data Entry'!B17=0,"",'Data Entry'!$P$8) | H2: =IF('Data Entry'!B17=0,"",'Data Entry'!$E$10) | M2: ='Data Entry'!S17 -> 0 | N2: ='Data Entry'!R17 -> 0 | O2: =IF('Data Entry'!B17=0,"",'Data Entry'!N17) | P2: =IF('Data Entry'!B17=0,"","Years") | Q2: =IF('Data Entry'!B17=0,"",'Data Entry'!$E$11) | R2: =IF('Data Entry'!B17=0,"",'Data Entry'!D17) | S2: =IF('Data Entry'!B17=0,"",'Data Entry'!$E$3) | T2: =IF('Data Entry'!B17=0,"",'Data Entry'!$P$12) | V2: ='Data Entry'!AB17 -> 0 | X2: =IF('Data Entry'!B17=0,"",'Data Entry'!C17) | Y2: ='Data Entry'!F17 -> 0 | AC2: =IF('Data Entry'!B17=0,"",'Data Entry'!$P$7) | AD2: =IF('Data Entry'!B17=0,"","1") | AI2: =IF('Data Entry'!B17=0,"",'Data Entry'!K17) | AJ2: =IF('Data Entry'!B17=0,"","mm") | AM2: =IF('Data Entry'!B17=0,"",'Data Entry'!M17) | AN2: =IF('Data Entry'!B17=0,"","mm") | AT2: =IF('Data Entry'!B17=0,"",'Data Entry'!L17) | AU2: =IF('Data Entry'!B17=0,"","m") | AW2: ='Data Entry'!H17 -> 0 | AX2: =IF('Data Entry'!B17=0,"",'Data Entry'!D17) | AY2: =IF('Data Entry'!B17=0,"",'Data Entry'!E17) | BA2: =IF('Data Entry'!B17=0,"",'Data Entry'!I17) | BC2: =IF('Data Entry'!B17=0,"",'Data Entry'!J17) | BR2: =IF('Data Entry'!B17=0,"",'Data Entry'!$E$9)
A3: =IF('Data Entry'!B18=0,"",'Data Entry'!E$9) | C3: =IF('Data Entry'!B18=0,"",'Data Entry'!AE18) | E3: =IF('Data Entry'!B18=0,"",'Data Entry'!B18) | F3: =IF('Data Entry'!B18=0,"",'Data Entry'!$P$6) | G3: =IF('Data Entry'!B18=0,"",'Data Entry'!$P$8) | H3: =IF('Data Entry'!B18=0,"",'Data Entry'!$E$10) | M3: ='Data Entry'!S18 | N3: ='Data Entry'!R18 | O3: =IF('Data Entry'!B18=0,"",'Data Entry'!N18) | P3: =IF('Data Entry'!B18=0,"","Years") | Q3: =IF('Data Entry'!B18=0,"",'Data Entry'!$E$11) | R3: =IF('Data Entry'!B18=0,"",'Data Entry'!D18) | S3: =IF('Data Entry'!B18=0,"",'Data Entry'!$E$3) | T3: =IF('Data Entry'!B18=0,"",'Data Entry'!$P$12) | V3: ='Data Entry'!AB18 | X3: =IF('Data Entry'!B18=0,"",'Data Entry'!C18) | Y3: ='Data Entry'!F18 | AC3: =IF('Data Entry'!B18=0,"",'Data Entry'!$P$7) | AD3: =IF('Data Entry'!B18=0,"","1") | AI3: =IF('Data Entry'!B18=0,"",'Data Entry'!K18) | AJ3: =IF('Data Entry'!B18=0,"","mm") | AM3: =IF('Data Entry'!B18=0,"",'Data Entry'!M18) | AN3: =IF('Data Entry'!B18=0,"","mm") | AT3: =IF('Data Entry'!B18=0,"",'Data Entry'!L18) | AU3: =IF('Data Entry'!B18=0,"","m") | AW3: ='Data Entry'!H18 | AX3: =IF('Data Entry'!B18=0,"",'Data Entry'!D18) | AY3: =IF('Data Entry'!B18=0,"",'Data Entry'!E18) | BA3: =IF('Data Entry'!B18=0,"",'Data Entry'!I18) | BC3: =IF('Data Entry'!B18=0,"",'Data Entry'!J18) | BR3: =IF('Data Entry'!B18=0,"",'Data Entry'!$E$9)
A4: =IF('Data Entry'!B19=0,"",'Data Entry'!E$9) | C4: =IF('Data Entry'!B19=0,"",'Data Entry'!AE19) | E4: =IF('Data Entry'!B19=0,"",'Data Entry'!B19) | F4: =IF('Data Entry'!B19=0,"",'Data Entry'!$P$6) | G4: =IF('Data Entry'!B19=0,"",'Data Entry'!$P$8) | H4: =IF('Data Entry'!B19=0,"",'Data Entry'!$E$10) | M4: ='Data Entry'!S19 | N4: ='Data Entry'!R19 | O4: =IF('Data Entry'!B19=0,"",'Data Entry'!N19) | P4: =IF('Data Entry'!B19=0,"","Years") | Q4: =IF('Data Entry'!B19=0,"",'Data Entry'!$E$11) | R4: =IF('Data Entry'!B19=0,"",'Data Entry'!D19) | S4: =IF('Data Entry'!B19=0,"",'Data Entry'!$E$3) | T4: =IF('Data Entry'!B19=0,"",'Data Entry'!$P$12) | V4: ='Data Entry'!AB19 | X4: =IF('Data Entry'!B19=0,"",'Data Entry'!C19) | Y4: ='Data Entry'!F19 | AC4: =IF('Data Entry'!B19=0,"",'Data Entry'!$P$7) | AD4: =IF('Data Entry'!B19=0,"","1") | AI4: =IF('Data Entry'!B19=0,"",'Data Entry'!K19) | AJ4: =IF('Data Entry'!B19=0,"","mm") | AM4: =IF('Data Entry'!B19=0,"",'Data Entry'!M19) | AN4: =IF('Data Entry'!B19=0,"","mm") | AT4: =IF('Data Entry'!B19=0,"",'Data Entry'!L19) | AU4: =IF('Data Entry'!B19=0,"","m") | AW4: ='Data Entry'!H19 | AX4: =IF('Data Entry'!B19=0,"",'Data Entry'!D19) | AY4: =IF('Data Entry'!B19=0,"",'Data Entry'!E19) | BA4: =IF('Data Entry'!B19=0,"",'Data Entry'!I19) | BC4: =IF('Data Entry'!B19=0,"",'Data Entry'!J19) | BR4: =IF('Data Entry'!B19=0,"",'Data Entry'!$E$9)
A5: =IF('Data Entry'!B20=0,"",'Data Entry'!E$9) | C5: =IF('Data Entry'!B20=0,"",'Data Entry'!AE20) | E5: =IF('Data Entry'!B20=0,"",'Data Entry'!B20) | F5: =IF('Data Entry'!B20=0,"",'Data Entry'!$P$6) | G5: =IF('Data Entry'!B20=0,"",'Data Entry'!$P$8) | H5: =IF('Data Entry'!B20=0,"",'Data Entry'!$E$10) | M5: ='Data Entry'!S20 | N5: ='Data Entry'!R20 | O5: =IF('Data Entry'!B20=0,"",'Data Entry'!N20) | P5: =IF('Data Entry'!B20=0,"","Years") | Q5: =IF('Data Entry'!B20=0,"",'Data Entry'!$E$11) | R5: =IF('Data Entry'!B20=0,"",'Data Entry'!D20) | S5: =IF('Data Entry'!B20=0,"",'Data Entry'!$E$3) | T5: =IF('Data Entry'!B20=0,"",'Data Entry'!$P$12) | V5: ='Data Entry'!AB20 | X5: =IF('Data Entry'!B20=0,"",'Data Entry'!C20) | Y5: ='Data Entry'!F20 | AC5: =IF('Data Entry'!B20=0,"",'Data Entry'!$P$7) | AD5: =IF('Data Entry'!B20=0,"","1") | AI5: =IF('Data Entry'!B20=0,"",'Data Entry'!K20) | AJ5: =IF('Data Entry'!B20=0,"","mm") | AM5: =IF('Data Entry'!B20=0,"",'Data Entry'!M20) | AN5: =IF('Data Entry'!B20=0,"","mm") | AT5: =IF('Data Entry'!B20=0,"",'Data Entry'!L20) | AU5: =IF('Data Entry'!B20=0,"","m") | AW5: ='Data Entry'!H20 | AX5: =IF('Data Entry'!B20=0,"",'Data Entry'!D20) | AY5: =IF('Data Entry'!B20=0,"",'Data Entry'!E20) | BA5: =IF('Data Entry'!B20=0,"",'Data Entry'!I20) | BC5: =IF('Data Entry'!B20=0,"",'Data Entry'!J20) | BR5: =IF('Data Entry'!B20=0,"",'Data Entry'!$E$9)
A6: =IF('Data Entry'!B21=0,"",'Data Entry'!E$9) | C6: =IF('Data Entry'!B21=0,"",'Data Entry'!AE21) | E6: =IF('Data Entry'!B21=0,"",'Data Entry'!B21) | F6: =IF('Data Entry'!B21=0,"",'Data Entry'!$P$6) | G6: =IF('Data Entry'!B21=0,"",'Data Entry'!$P$8) | H6: =IF('Data Entry'!B21=0,"",'Data Entry'!$E$10) | M6: ='Data Entry'!S21 | N6: ='Data Entry'!R21 | O6: =IF('Data Entry'!B21=0,"",'Data Entry'!N21) | P6: =IF('Data Entry'!B21=0,"","Years") | Q6: =IF('Data Entry'!B21=0,"",'Data Entry'!$E$11) | R6: =IF('Data Entry'!B21=0,"",'Data Entry'!D21) | S6: =IF('Data Entry'!B21=0,"",'Data Entry'!$E$3) | T6: =IF('Data Entry'!B21=0,"",'Data Entry'!$P$12) | V6: ='Data Entry'!AB21 | X6: =IF('Data Entry'!B21=0,"",'Data Entry'!C21) | Y6: ='Data Entry'!F21 | AC6: =IF('Data Entry'!B21=0,"",'Data Entry'!$P$7) | AD6: =IF('Data Entry'!B21=0,"","1") | AI6: =IF('Data Entry'!B21=0,"",'Data Entry'!K21) | AJ6: =IF('Data Entry'!B21=0,"","mm") | AM6: =IF('Data Entry'!B21=0,"",'Data Entry'!M21) | AN6: =IF('Data Entry'!B21=0,"","mm") | AT6: =IF('Data Entry'!B21=0,"",'Data Entry'!L21) | AU6: =IF('Data Entry'!B21=0,"","m") | AW6: ='Data Entry'!H21 | AX6: =IF('Data Entry'!B21=0,"",'Data Entry'!D21) | AY6: =IF('Data Entry'!B21=0,"",'Data Entry'!E21) | BA6: =IF('Data Entry'!B21=0,"",'Data Entry'!I21) | BC6: =IF('Data Entry'!B21=0,"",'Data Entry'!J21) | BR6: =IF('Data Entry'!B21=0,"",'Data Entry'!$E$9)
A7: =IF('Data Entry'!B22=0,"",'Data Entry'!E$9) | C7: =IF('Data Entry'!B22=0,"",'Data Entry'!AE22) | E7: =IF('Data Entry'!B22=0,"",'Data Entry'!B22) | F7: =IF('Data Entry'!B22=0,"",'Data Entry'!$P$6) | G7: =IF('Data Entry'!B22=0,"",'Data Entry'!$P$8) | H7: =IF('Data Entry'!B22=0,"",'Data Entry'!$E$10) | M7: ='Data Entry'!S22 | N7: ='Data Entry'!R22 | O7: =IF('Data Entry'!B22=0,"",'Data Entry'!N22) | P7: =IF('Data Entry'!B22=0,"","Years") | Q7: =IF('Data Entry'!B22=0,"",'Data Entry'!$E$11) | R7: =IF('Data Entry'!B22=0,"",'Data Entry'!D22) | S7: =IF('Data Entry'!B22=0,"",'Data Entry'!$E$3) | T7: =IF('Data Entry'!B22=0,"",'Data Entry'!$P$12) | V7: ='Data Entry'!AB22 | X7: =IF('Data Entry'!B22=0,"",'Data Entry'!C22) | Y7: ='Data Entry'!F22 | AC7: =IF('Data Entry'!B22=0,"",'Data Entry'!$P$7) | AD7: =IF('Data Entry'!B22=0,"","1") | AI7: =IF('Data Entry'!B22=0,"",'Data Entry'!K22) | AJ7: =IF('Data Entry'!B22=0,"","mm") | AM7: =IF('Data Entry'!B22=0,"",'Data Entry'!M22) | AN7: =IF('Data Entry'!B22=0,"","mm") | AT7: =IF('Data Entry'!B22=0,"",'Data Entry'!L22) | AU7: =IF('Data Entry'!B22=0,"","m") | AW7: ='Data Entry'!H22 | AX7: =IF('Data Entry'!B22=0,"",'Data Entry'!D22) | AY7: =IF('Data Entry'!B22=0,"",'Data Entry'!E22) | BA7: =IF('Data Entry'!B22=0,"",'Data Entry'!I22) | BC7: =IF('Data Entry'!B22=0,"",'Data Entry'!J22) | BR7: =IF('Data Entry'!B22=0,"",'Data Entry'!$E$9)
A8: =IF('Data Entry'!B23=0,"",'Data Entry'!E$9) | C8: =IF('Data Entry'!B23=0,"",'Data Entry'!AE23) | E8: =IF('Data Entry'!B23=0,"",'Data Entry'!B23) | F8: =IF('Data Entry'!B23=0,"",'Data Entry'!$P$6) | G8: =IF('Data Entry'!B23=0,"",'Data Entry'!$P$8) | H8: =IF('Data Entry'!B23=0,"",'Data Entry'!$E$10) | M8: ='Data Entry'!S23 | N8: ='Data Entry'!R23 | O8: =IF('Data Entry'!B23=0,"",'Data Entry'!N23) | P8: =IF('Data Entry'!B23=0,"","Years") | Q8: =IF('Data Entry'!B23=0,"",'Data Entry'!$E$11) | R8: =IF('Data Entry'!B23=0,"",'Data Entry'!D23) | S8: =IF('Data Entry'!B23=0,"",'Data Entry'!$E$3) | T8: =IF('Data Entry'!B23=0,"",'Data Entry'!$P$12) | V8: ='Data Entry'!AB23 | X8: =IF('Data Entry'!B23=0,"",'Data Entry'!C23) | Y8: ='Data Entry'!F23 | AC8: =IF('Data Entry'!B23=0,"",'Data Entry'!$P$7) | AD8: =IF('Data Entry'!B23=0,"","1") | AI8: =IF('Data Entry'!B23=0,"",'Data Entry'!K23) | AJ8: =IF('Data Entry'!B23=0,"","mm") | AM8: =IF('Data Entry'!B23=0,"",'Data Entry'!M23) | AN8: =IF('Data Entry'!B23=0,"","mm") | AT8: =IF('Data Entry'!B23=0,"",'Data Entry'!L23) | AU8: =IF('Data Entry'!B23=0,"","m") | AW8: ='Data Entry'!H23 | AX8: =IF('Data Entry'!B23=0,"",'Data Entry'!D23) | AY8: =IF('Data Entry'!B23=0,"",'Data Entry'!E23) | BA8: =IF('Data Entry'!B23=0,"",'Data Entry'!I23) | BC8: =IF('Data Entry'!B23=0,"",'Data Entry'!J23) | BR8: =IF('Data Entry'!B23=0,"",'Data Entry'!$E$9)
A9: =IF('Data Entry'!B24=0,"",'Data Entry'!E$9) | C9: =IF('Data Entry'!B24=0,"",'Data Entry'!AE24) | E9: =IF('Data Entry'!B24=0,"",'Data Entry'!B24) | F9: =IF('Data Entry'!B24=0,"",'Data Entry'!$P$6) | G9: =IF('Data Entry'!B24=0,"",'Data Entry'!$P$8) | H9: =IF('Data Entry'!B24=0,"",'Data Entry'!$E$10) | M9: ='Data Entry'!S24 | N9: ='Data Entry'!R24 | O9: =IF('Data Entry'!B24=0,"",'Data Entry'!N24) | P9: =IF('Data Entry'!B24=0,"","Years") | Q9: =IF('Data Entry'!B24=0,"",'Data Entry'!$E$11) | R9: =IF('Data Entry'!B24=0,"",'Data Entry'!D24) | S9: =IF('Data Entry'!B24=0,"",'Data Entry'!$E$3) | T9: =IF('Data Entry'!B24=0,"",'Data Entry'!$P$12) | V9: ='Data Entry'!AB24 | X9: =IF('Data Entry'!B24=0,"",'Data Entry'!C24) | Y9: ='Data Entry'!F24 | AC9: =IF('Data Entry'!B24=0,"",'Data Entry'!$P$7) | AD9: =IF('Data Entry'!B24=0,"","1") | AI9: =IF('Data Entry'!B24=0,"",'Data Entry'!K24) | AJ9: =IF('Data Entry'!B24=0,"","mm") | AM9: =IF('Data Entry'!B24=0,"",'Data Entry'!M24) | AN9: =IF('Data Entry'!B24=0,"","mm") | AT9: =IF('Data Entry'!B24=0,"",'Data Entry'!L24) | AU9: =IF('Data Entry'!B24=0,"","m") | AW9: ='Data Entry'!H24 | AX9: =IF('Data Entry'!B24=0,"",'Data Entry'!D24) | AY9: =IF('Data Entry'!B24=0,"",'Data Entry'!E24) | BA9: =IF('Data Entry'!B24=0,"",'Data Entry'!I24) | BC9: =IF('Data Entry'!B24=0,"",'Data Entry'!J24) | BR9: =IF('Data Entry'!B24=0,"",'Data Entry'!$E$9)
A10: =IF('Data Entry'!B25=0,"",'Data Entry'!E$9) | C10: =IF('Data Entry'!B25=0,"",'Data Entry'!AE25) | E10: =IF('Data Entry'!B25=0,"",'Data Entry'!B25) | F10: =IF('Data Entry'!B25=0,"",'Data Entry'!$P$6) | G10: =IF('Data Entry'!B25=0,"",'Data Entry'!$P$8) | H10: =IF('Data Entry'!B25=0,"",'Data Entry'!$E$10) | M10: ='Data Entry'!S25 | N10: ='Data Entry'!R25 | O10: =IF('Data Entry'!B25=0,"",'Data Entry'!N25) | P10: =IF('Data Entry'!B25=0,"","Years") | Q10: =IF('Data Entry'!B25=0,"",'Data Entry'!$E$11) | R10: =IF('Data Entry'!B25=0,"",'Data Entry'!D25) | S10: =IF('Data Entry'!B25=0,"",'Data Entry'!$E$3) | T10: =IF('Data Entry'!B25=0,"",'Data Entry'!$P$12) | V10: ='Data Entry'!AB25 | X10: =IF('Data Entry'!B25=0,"",'Data Entry'!C25) | Y10: ='Data Entry'!F25 | AC10: =IF('Data Entry'!B25=0,"",'Data Entry'!$P$7) | AD10: =IF('Data Entry'!B25=0,"","1") | AI10: =IF('Data Entry'!B25=0,"",'Data Entry'!K25) | AJ10: =IF('Data Entry'!B25=0,"","mm") | AM10: =IF('Data Entry'!B25=0,"",'Data Entry'!M25) | AN10: =IF('Data Entry'!B25=0,"","mm") | AT10: =IF('Data Entry'!B25=0,"",'Data Entry'!L25) | AU10: =IF('Data Entry'!B25=0,"","m") | AW10: ='Data Entry'!H25 | AX10: =IF('Data Entry'!B25=0,"",'Data Entry'!D25) | AY10: =IF('Data Entry'!B25=0,"",'Data Entry'!E25) | BA10: =IF('Data Entry'!B25=0,"",'Data Entry'!I25) | BC10: =IF('Data Entry'!B25=0,"",'Data Entry'!J25) | BR10: =IF('Data Entry'!B25=0,"",'Data Entry'!$E$9)
A11: =IF('Data Entry'!B26=0,"",'Data Entry'!E$9) | C11: =IF('Data Entry'!B26=0,"",'Data Entry'!AE26) | E11: =IF('Data Entry'!B26=0,"",'Data Entry'!B26) | F11: =IF('Data Entry'!B26=0,"",'Data Entry'!$P$6) | G11: =IF('Data Entry'!B26=0,"",'Data Entry'!$P$8) | H11: =IF('Data Entry'!B26=0,"",'Data Entry'!$E$10) | M11: ='Data Entry'!S26 | N11: ='Data Entry'!R26 | O11: =IF('Data Entry'!B26=0,"",'Data Entry'!N26) | P11: =IF('Data Entry'!B26=0,"","Years") | Q11: =IF('Data Entry'!B26=0,"",'Data Entry'!$E$11) | R11: =IF('Data Entry'!B26=0,"",'Data Entry'!D26) | S11: =IF('Data Entry'!B26=0,"",'Data Entry'!$E$3) | T11: =IF('Data Entry'!B26=0,"",'Data Entry'!$P$12) | V11: ='Data Entry'!AB26 | X11: =IF('Data Entry'!B26=0,"",'Data Entry'!C26) | Y11: ='Data Entry'!F26 | AC11: =IF('Data Entry'!B26=0,"",'Data Entry'!$P$7) | AD11: =IF('Data Entry'!B26=0,"","1") | AI11: =IF('Data Entry'!B26=0,"",'Data Entry'!K26) | AJ11: =IF('Data Entry'!B26=0,"","mm") | AM11: =IF('Data Entry'!B26=0,"",'Data Entry'!M26) | AN11: =IF('Data Entry'!B26=0,"","mm") | AT11: =IF('Data Entry'!B26=0,"",'Data Entry'!L26) | AU11: =IF('Data Entry'!B26=0,"","m") | AW11: ='Data Entry'!H26 | AX11: =IF('Data Entry'!B26=0,"",'Data Entry'!D26) | AY11: =IF('Data Entry'!B26=0,"",'Data Entry'!E26) | BA11: =IF('Data Entry'!B26=0,"",'Data Entry'!I26) | BC11: =IF('Data Entry'!B26=0,"",'Data Entry'!J26) | BR11: =IF('Data Entry'!B26=0,"",'Data Entry'!$E$9)
A12: =IF('Data Entry'!B27=0,"",'Data Entry'!E$9) | C12: =IF('Data Entry'!B27=0,"",'Data Entry'!AE27) | E12: =IF('Data Entry'!B27=0,"",'Data Entry'!B27) | F12: =IF('Data Entry'!B27=0,"",'Data Entry'!$P$6) | G12: =IF('Data Entry'!B27=0,"",'Data Entry'!$P$8) | H12: =IF('Data Entry'!B27=0,"",'Data Entry'!$E$10) | M12: ='Data Entry'!S27 | N12: ='Data Entry'!R27 | O12: =IF('Data Entry'!B27=0,"",'Data Entry'!N27) | P12: =IF('Data Entry'!B27=0,"","Years") | Q12: =IF('Data Entry'!B27=0,"",'Data Entry'!$E$11) | R12: =IF('Data Entry'!B27=0,"",'Data Entry'!D27) | S12: =IF('Data Entry'!B27=0,"",'Data Entry'!$E$3) | T12: =IF('Data Entry'!B27=0,"",'Data Entry'!$P$12) | V12: ='Data Entry'!AB27 | X12: =IF('Data Entry'!B27=0,"",'Data Entry'!C27) | Y12: ='Data Entry'!F27 | AC12: =IF('Data Entry'!B27=0,"",'Data Entry'!$P$7) | AD12: =IF('Data Entry'!B27=0,"","1") | AI12: =IF('Data Entry'!B27=0,"",'Data Entry'!K27) | AJ12: =IF('Data Entry'!B27=0,"","mm") | AM12: =IF('Data Entry'!B27=0,"",'Data Entry'!M27) | AN12: =IF('Data Entry'!B27=0,"","mm") | AT12: =IF('Data Entry'!B27=0,"",'Data Entry'!L27) | AU12: =IF('Data Entry'!B27=0,"","m") | AW12: ='Data Entry'!H27 | AX12: =IF('Data Entry'!B27=0,"",'Data Entry'!D27) | AY12: =IF('Data Entry'!B27=0,"",'Data Entry'!E27) | BA12: =IF('Data Entry'!B27=0,"",'Data Entry'!I27) | BC12: =IF('Data Entry'!B27=0,"",'Data Entry'!J27) | BR12: =IF('Data Entry'!B27=0,"",'Data Entry'!$E$9)
A13: =IF('Data Entry'!B28=0,"",'Data Entry'!E$9) | C13: =IF('Data Entry'!B28=0,"",'Data Entry'!AE28) | E13: =IF('Data Entry'!B28=0,"",'Data Entry'!B28) | F13: =IF('Data Entry'!B28=0,"",'Data Entry'!$P$6) | G13: =IF('Data Entry'!B28=0,"",'Data Entry'!$P$8) | H13: =IF('Data Entry'!B28=0,"",'Data Entry'!$E$10) | M13: ='Data Entry'!S28 | N13: ='Data Entry'!R28 | O13: =IF('Data Entry'!B28=0,"",'Data Entry'!N28) | P13: =IF('Data Entry'!B28=0,"","Years") | Q13: =IF('Data Entry'!B28=0,"",'Data Entry'!$E$11) | R13: =IF('Data Entry'!B28=0,"",'Data Entry'!D28) | S13: =IF('Data Entry'!B28=0,"",'Data Entry'!$E$3) | T13: =IF('Data Entry'!B28=0,"",'Data Entry'!$P$12) | V13: ='Data Entry'!AB28 | X13: =IF('Data Entry'!B28=0,"",'Data Entry'!C28) | Y13: ='Data Entry'!F28 | AC13: =IF('Data Entry'!B28=0,"",'Data Entry'!$P$7) | AD13: =IF('Data Entry'!B28=0,"","1") | AI13: =IF('Data Entry'!B28=0,"",'Data Entry'!K28) | AJ13: =IF('Data Entry'!B28=0,"","mm") | AM13: =IF('Data Entry'!B28=0,"",'Data Entry'!M28) | AN13: =IF('Data Entry'!B28=0,"","mm") | AT13: =IF('Data Entry'!B28=0,"",'Data Entry'!L28) | AU13: =IF('Data Entry'!B28=0,"","m") | AW13: ='Data Entry'!H28 | AX13: =IF('Data Entry'!B28=0,"",'Data Entry'!D28) | AY13: =IF('Data Entry'!B28=0,"",'Data Entry'!E28) | BA13: =IF('Data Entry'!B28=0,"",'Data Entry'!I28) | BC13: =IF('Data Entry'!B28=0,"",'Data Entry'!J28) | BR13: =IF('Data Entry'!B28=0,"",'Data Entry'!$E$9)
... A1000: =IF('Data Entry'!B1015=0,"",'Data Entry'!E$9) | C1000: =IF('Data Entry'!B1015=0,"",'Data Entry'!AE1015) | E1000: =IF('Data Entry'!B1015=0,"",'Data Entry'!B1015) | F1000: =IF('Data Entry'!B1015=0,"",'Data Entry'!$P$6) | G1000: =IF('Data Entry'!B1015=0,"",'Data Entry'!$P$8) | H1000: =IF('Data Entry'!B1015=0,"",'Data Entry'!$E$10) | M1000: ='Data Entry'!S1015 | N1000: ='Data Entry'!R1015 | O1000: =IF('Data Entry'!B1015=0,"",'Data Entry'!N1015) | P1000: =IF('Data Entry'!B1015=0,"","Years") | Q1000: =IF('Data Entry'!B1015=0,"",'Data Entry'!$E$11) | R1000: =IF('Data Entry'!B1015=0,"",'Data Entry'!D1015) | S1000: =IF('Data Entry'!B1015=0,"",'Data Entry'!$E$3) | T1000: =IF('Data Entry'!B1015=0,"",'Data Entry'!$P$12) | V1000: ='Data Entry'!AB1015 | X1000: =IF('Data Entry'!B1015=0,"",'Data Entry'!C1015) | Y1000: ='Data Entry'!F1015 | AC1000: =IF('Data Entry'!B1015=0,"",'Data Entry'!$P$7) | AD1000: =IF('Data Entry'!B1015=0,"","1") | AI1000: =IF('Data Entry'!B1015=0,"",'Data Entry'!K1015) | AJ1000: =IF('Data Entry'!B1015=0,"","mm") | AM1000: =IF('Data Entry'!B1015=0,"",'Data Entry'!M1015) | AN1000: =IF('Data Entry'!B1015=0,"","mm") | AT1000: =IF('Data Entry'!B1015=0,"",'Data Entry'!L1015) | AU1000: =IF('Data Entry'!B1015=0,"","m") | AW1000: ='Data Entry'!H1015 | AX1000: =IF('Data Entry'!B1015=0,"",'Data Entry'!D1015) | AY1000: =IF('Data Entry'!B1015=0,"",'Data Entry'!E1015) | BA1000: =IF('Data Entry'!B1015=0,"",'Data Entry'!I1015) | BC1000: =IF('Data Entry'!B1015=0,"",'Data Entry'!J1015) | BR1000: =IF('Data Entry'!B1015=0,"",'Data Entry'!$E$9)

Sheet Data Lookup
F1: Acquisition Type | I1: Process Type | K1: Asset Nesting | N1: Description | O1: Service Status | R1: Description | S1: Pipe Type
A2: Type | B2: Cost Centre Name | C2: Cost Centre Code | F2: Description | G2: Code | I2: Water | K2: Parent | N2: Abandoned - installed but unusable | O2: AB | R2: Acrylonitrile butadiene chloride (ABS) | S2: ABS
A3: Water | B3: Eastern Supply Zone | C3: 97400103 | F3: Capitalised | G3: CAP | I3: Storm | K3: Orphan | N3: Available | O3: AV | R3: Alkathene | S3: ALK
A4: Water | B4: Central Supply Zone | C4: 97400102 | F4: Constructed Assets | G4: CONS | I4: Waste | K4: Retic | N4: Disposed - no longer owned | O4: DISP | R4: Alloyed White Cast Iron | S4: AW-CI
A5: Water | B5: Western Supply Zone | C5: 97400101 | F5: Found Assets | G5: FOUND | K5: Child | N5: Entered - being created | O5: ENT | R5: Aluflo | S5: ALUFL
A6: Storm | B6: Small Communities | C6: 97610201 | F6: Split Linear Assets | G6: SPLIT | N6: Operational - in use | O6: OP | R6: Aluminium | S6: ALU
A7: Storm | B7: Growth Communities | C7: 97610101 | F7: Financial Vested | G7: VEST | N7: Operational - not vested | O7: OPNV | R7: Aluminium & Stainless Steel | S7: ALUSS
A8: Storm | B8: Minden | C8: 97610301 | N8: Not Operational - not in use | O8: OUT | R8: Asbestos Cement | S8: AC
A9: Waste | B9: Waihī Beach | C9: 97600101 | N9: Removed - awaiting disposal | O9: REM | R9: Asbestos cement (AC) | S9: AC
A10: Waste | B10: Katikati | C10: 97600102 | N10: In Store - held in inventory | O10: STORE | R10: Brass | S10: BRA
A11: Waste | B11: Ōmokoroa | C11: 97600103 | R11: Bronze | S11: BRONZ
A12: Waste | B12: Te Puke | C12: 97600104 | R12: C.I. - Tungsten Carbide Tip | S12: CI-TC
A13: Waste | B13: Maketu | C13: 97600105 | R13: Cast iron (CI) | S13: CI
A14: Waste | B14: Ongare | C14: 97600106 | R14: Cast Iron GG60 | S14: CI-GG
R15: Cast Iron/Stainless Steel | S15: CI-SS
R16: Cement Line Ductile Iron | S16: CLDI
R17: Cement Lined Mild Steel | S17: CLMS
R18: Chromium Cast Iron | S18: CR-CI
R19: Concrete | S19: CONC
R20: Concrete Lined Spiral Riveted | S20: CLSR
R21: Concrete lined steel (CLS) | S21: CLS
R22: Copper | S22: CU
R23: Copper/Aluminium | S23: CUALU
R24: CORR | S24: CORR
R25: Corrugated Aluminium | S25: AL
R26: Cured In Place Pipe | S26: CIPP
... R90: Zytel (Nylon 6-12 + 33%GF) | S90: ZYTEL

Sheet Tier 01-Facility Type Pre Codes
A1: Facility Type Prefix Codes | B1: Facility Type Prefix Codes Description | F1: Description | G1: Address | H1: Facility Code | I1: Facility Type | J1: Service Status | K1: Facility Key
A2: WP | B2: Treated Water Pump Stations | C2: =A2 -> WP | F2: Head Office Western Bay of Plenty DC | G2: WBP 1484 Cameron RD Greerton 3112 | H2: HOWBP | I2: CC | J2: OP | K2: 81222249
A3: WR | B3: Treated Water Reservoirs | C3: =A3 -> WR | F3: Flow Meter - Te Puna Wastewater | G3: 291B Snodgrass RD Te Puna 3174 | H3: DLFM0003 | I3: DL | J3: OP | K3: 81725866
A4: WW | B4: Water Well | C4: =A4 -> WW | F4: Pump Station - Centennial Park | G4: 295 Jellicoe ST Te Puke 3119 | H4: DPPU0001 | I4: DP | J4: OP | K4: 81725627
A5: CC | B5: Control Centre | C5: =A5 -> CC | F5: Pump Station - Crossley Street | G5: 23 Crossley ST Katikati 3129 | H5: DPPU0005 | I5: DP | J5: OP | K5: 81725628
A6: DL | B6: Wastewater Monitoring Station | C6: =A6 -> DL | F6: Pump Station - Tinopai Drive | G6: 21 Tinopai DR Omokoroa 3114 | H6: DPPU0006 | I6: DP | J6: OP | K6: 81725629
A7: DP | B7: Wastewater Pump Stations | C7: =A7 -> DP | F7: Pump Station - Riverside Place | G7: 21 Riverside PL Katikati 3129 | H7: DPPU0007 | I7: DP | J7: OP | K7: 81725630
A8: DT | B8: Wastewater Treatment Plant | C8: =A8 -> DT | F8: Pump Station - Seaforth Road | G8: 34 Bowentown BLVD Bowentown 3177 | H8: DPPU0008 | I8: DP | J8: OP | K8: 81725631
A9: RN | B9: Stormwater Rain Gauge | C9: =A9 -> RN | F9: Pump Station - Omokoroa Road | G9: 334 Omokoroa RD Omokoroa 3114 | H9: DPPU0009 | I9: DP | J9: OP | K9: 81725632
A10: RP | B10: Stormwater Pump Station | C10: =A10 -> RP | F10: Pump Station - Newnham Road | G10: 47 Newnham RD Te Puna 3174 | H10: DPPU0010 | I10: DP | J10: OP | K10: 81725633
A11: RR | B11: Stormwater Reservoirs | C11: =A11 -> RR | F11: Pump Station - Omokoroa Road | G11: 40 Richardson RD Omokoroa 3114 | H11: DPPU0011 | I11: DP | J11: OP | K11: 81725634
A12: ST | B12: Water Treatment Plant | C12: =A12 -> ST | F12: Pump Station - Lynley Park Drive | G12: 22 Lakeside TCE Omokoroa 3114 | H12: DPPU0012 | I12: DP | J12: OP | K12: 81725635
A13: TE | B13: Tools and Equipment | C13: =A13 -> TE | F13: Pump Station - Walnut Reserve | G13: 1 Myrtle DR Omokoroa 3114 | H13: DPPU0013 | I13: DP | J13: OP | K13: 81725636
A14: WL | B14: Water Monitoring Station | C14: =A14 -> WL | F14: Pump Station - Kayelene Place | G14: 81 Kayelene PL Omokoroa 3114 | H14: DPPU0014 | I14: DP | J14: OP | K14: 81725637
F15: Pump Station - Links View Drive | G15: 38 Links View DR Omokoroa 3114 | H15: DPPU0015 | I15: DP | J15: OP | K15: 81725638
F16: Pump Station - Omokoroa Domain | G16: 4 The Esplanade Omokoroa 3114 | H16: DPPU0016 | I16: DP | J16: OP | K16: 81725639
F17: Pump Station - Links View Drive (Golf Club) | G17: 72 Links View DR Omokoroa 3114 | H17: DPPU0017 | I17: DP | J17: OP | K17: 81725640
F18: Pump Station - Gane Place | G18: 72 Links View DR Omokoroa 3114 | H18: DPPU0018 | I18: DP | J18: OP | K18: 81725641
F19: Pump Station - Beach Grove | G19: 3 Beach GRV Omokoroa 3114 | H19: DPPU0019 | I19: DP | J19: OP | K19: 81725642
F20: Pump Station - Precious Reserve | G20: 110 Anderley AVE Omokoroa 3114 | H20: DPPU0020 | I20: DP | J20: OP | K20: 81725643
F21: Pump Station - Hamurana Road | G21: 30 Hamurana RD Omokoroa 3114 | H21: DPPU0021 | I21: DP | J21: OP | K21: 81725644
F22: Pump Station - Surfers Avenue | G22: 21 Surfers AVE Island View 3611 | H22: DPPU0022 | I22: DP | J22: OP | K22: 81725645
F23: Pump Station - Waterview Estate | G23: 95 Lynley Park DR Omokoroa 3114 | H23: DPPU0028 | I23: DP | J23: OP | K23: 81725646
F24: Pump Station - Papaunahi Road | G24: 18 Papaunahi RD Bowentown 3177 | H24: DPPU0029 | I24: DP | J24: OP | K24: 81725647
F25: Pump Station - Tatai Road | G25: 13 Tatai RD Bowentown 3177 | H25: DPPU0070 | I25: DP | J25: OP | K25: 81725648
F26: Pump Station - Citrus Avenue | G26: 76 Citrus AVE Waihi Beach 3611 | H26: DPPU0389 | I26: DP | J26: OP | K26: 81725649
... F241: Bulk Flow Meter - Youngson Road | G241: 447 Youngson RD Whakamarama 3179 | H241: WWIN0040 | I241: WW | J241: OP | K241: 81725933

Sheet Tier 02 - Process Area Codes
A1: Water Process Area | B1: Code | C1: Facility | D1: Wastewater Process Area | E1: Code | F1: Facility | G1: Stormwater Process Area | H1: Code | I1: Facility
A2: Site General – Buildings (Civil/Electrical/Mechanical/Plumbing) & Roads. | B2: W00 | C2: General | D2: Site General – Buildings (Civil/Electrical/Mechanical/Plumbing) & Roads. | E2: D00 | F2: General | G2: Site General – Buildings (Civil/Electrical/Mechanical/Plumbing) & Roads. | H2: R00 | I2: General
A3: Control Systems (DCS, SCADA, Telemetry RTU’s, PLC’s etc). | B3: W01 | C3: General | D3: Control Systems (DCS, SCADA, Telemetry RTU’s, PLC’s etc). | E3: D01 | F3: General | G3: Control Systems (DCS, SCADA, Telemetry RTU’s, PLC’s etc). | H3: R01 | I3: General
A4: Electrical - DB’s, JB’s, MCC’s, & Field Cabinets (not specifically related to a process/functional area). | B4: W02 | C4: General | D4: Electrical - DB’s, JB’s, MCC’s, & Field Cabinets (not specifically related to a process/functional area). | E4: D02 | F4: General | G4: Electrical - DB’s, JB’s, MCC’s, & Field Cabinets (not specifically related to a process/functional area). | H4: R02 | I4: General
A5: Site Services – i.e., Compressed Air. | B5: W03 | C5: General | D5: Site Services – e.g. Compressed Air. | E5: D03 | F5: General | G5: Site Services – e.g. Compressed Air. | H5: R03 | I5: General
A6: Service Water/Potable Water - used in the process (e.g., Chemical Flushing, Site Amenities etc). | B6: W04 | C6: General | D6: Service Water/Potable Water - used in the process (e.g., Chemical Flushing, Site Amenities etc). | E6: D04 | F6: General | G6: Service Water/Potable Water - used in the process (e.g., Chemical Flushing, Site Amenities etc). | H6: R04 | I6: General
A7: Fire & Security (includes Fire Main & Hydrants). | B7: W05 | C7: General | D7: Fire & Security (includes Fire Main & Hydrants). | E7: D05 | F7: General | G7: Fire & Security (includes Fire Main & Hydrants). | H7: R05 | I7: General
A8: IS Network Management. | B8: W06 | C8: General | D8: Low Voltage Electrical Reticulation. | E8: D06 | F8: General | G8: Low Voltage Electrical Reticulation. | H8: R06 | I8: General
A9: Site Wastewater & Sewerage. | B9: W07 | C9: General | D9: High Voltage Electrical Reticulation. | E9: D07 | F9: General | G9: High Voltage Electrical Reticulation. | H9: R07 | I9: General
A10: Heating Venting & Air Conditioning (HVAC). | B10: W08 | C10: General | D10: Heating Venting & Air Conditioning (HVAC). | E10: D08 | F10: General | G10: Heating Venting & Air Conditioning (HVAC). | H10: R08 | I10: General
A11: Monitoring (Networks only). | B11: W09 | C11: General | D11: Monitoring (Networks only). | E11: D09 | F11: General | G11: Monitoring (Networks only). | H11: R09 | I11: General
A12: Screens to Raw Water Impoundment & Abstraction (Dam/River Intake). | B12: W10 | C12: Headworks | E12: D10 | H12: R10
A13: Dam Safety (including Safety Monitoring etc). | B13: W11 | C13: General | E13: D11 | G13: Stormwater. | H13: R11 | I13: General
A14: Aeration. | B14: W12 | C14: Headworks | E14: D12 | H14: R12
A15: Recycled Water. | B15: W13 | C15: Headworks | D15: Low & High Pressure Recycled Water (WEL/WEH). | E15: D13 | F15: Wastewater Treatment Plant | H15: R13
A16: Generation. | B16: W14 | C16: General | D16: Generation. | E16: D14 | F16: General | G16: Generation. | H16: R14 | I16: General
A17: Compensation & Related Equipment. Excludes Weirs. | B17: W15 | C17: Headworks | E17: D15 | H17: R15
A18: Weir. | B18: W16 | C18: Headworks | E18: D16 | H18: R16
B19: W17 | E19: D17 | H19: R17
B20: W18 | E20: D18 | H20: R18
B21: W19 | D21: Heat Loop - Sludge &/or Water Heating/Cooling. Includes Heat Exchangers, Boilers, Piping, Pumping. | E21: D19 | F21: Wastewater Treatment Plant | H21: R19
A22: Raw Water. | B22: W20 | C22: Water Treatment Plant | D22: Raw Sewage & Interceptors. | E22: D20 | F22: Wastewater Treatment Plant | H22: R20
A23: Raw Water Pumping & Watermains. | B23: W21 | C23: Headworks | D23: Screening. | E23: D21 | F23: Wastewater Treatment Plant | G23: Screening. | H23: R21 | I23: Stormwater Treatment
A24: Raw Watermain Line Valving. | B24: W22 | C24: Headworks | D24: Peak Flow Treatment - Storm Flow (includes Actiflo). Balance Tank. | E24: D22 | F24: Wastewater Treatment Plant | H24: R22
A25: Raw Watermain Bulk Supply Points. | B25: W23 | C25: Headworks | E25: D23 | H25: R23
A26: Raw Watermain Flow Control. | B26: W24 | C26: Headworks | D26: Grit Removal. | E26: D24 | F26: Wastewater Treatment Plant | G26: Grit Removal. | H26: R24 | I26: Stormwater Treatment
A27: Raw Watermain Flow Metering. | B27: W25 | C27: Headworks | D27: Primary Sedimentation. | E27: D25 | F27: Wastewater Treatment Plant | H27: R25
A28: Raw Watermain Cross-Connection. | B28: W26 | C28: Headworks | D28: A stage (includes CEPT, A stage, AAA). | E28: D26 | F28: Wastewater Treatment Plant | H28: R26
A29: Raw Watermain Surge Protection (Tanks/Valves etc). | B29: W27 | C29: Headworks | D29: Aeration A stage. Waste Activated Sludge (WAS) & Return Activated Sludge (RAS). | E29: D27 | F29: Wastewater Treatment Plant | H29: R27
A30: Raw Watermain Aqueducts & Tunnels. | B30: W28 | C30: Headworks | E30: D28 | H30: R28
A31: Raw Watermain Hydro Power Generation. | B31: W29 | C31: Headworks | E31: D29 | H31: R29
B32: W30 | E32: D30 | H32: R30
B33: W31 | E33: D31 | H33: R31
B34: W32 | E34: D32 | H34: R32
B35: W33 | D35: Interstage Pumping (from Primary to Secondary Treatment, or Secondary to Tertiary Treatment). Primary Effluent Storage Tank (i.e., Buffer Tank). | E35: D33 | F35: Wastewater Treatment Plant | H35: R33
B36: W34 | E36: D34 | H36: R34
B37: W35 | D37: Odour Control. | E37: D35 | F37: Wastewater Treatment Plant/Reticulation | H37: R35
B38: W36 | E38: D36 | H38: R36
B39: W37 | E39: D37 | H39: R37
B40: W38 | D40: Primary Sludge Thickening. | E40: D38 | F40: Wastewater Treatment Plant | H40: R38
B41: W39 | D41: Blended Sludge Thickening. | E41: D39 | F41: Wastewater Treatment Plant | H41: R39
A42: Water Treatment Plant Overall Site. | B42: W40 | C42: Water Treatment Plant | E42: D40 | H42: R40
B43: W41 | D43: Pre-Digestion Sludge Dewatering. | E43: D41 | F43: Wastewater Treatment Plant | H43: R41
B44: W42 | D44: Cell Lysis (includes Thermal Hydrolysis). | E44: D42 | F44: Wastewater Treatment Plant | H44: R42
B45: W43 | E45: D43 | H45: R43
B46: W44 | E46: D44 | H46: R44
B47: W45 | D47: Biological Nutrient Removal (BNR) & Clarification (including MBR plants). Including Secondary Sedimentation. | E47: D45 | F47: Wastewater Treatment Plant | H47: R45
B48: W46 | D48: Secondary Sludge Thickening (DAF's, GBT's etc). | E48: D46 | F48: Wastewater Treatment Plant | H48: R46
B49: W47 | D49: Biological Nutrient Removal (BNR) Aeration. | E49: D47 | F49: Wastewater Treatment Plant | G49: Treatment Device - Soakage Device. | H49: R47 | I49: Stormwater Treatment
B50: W48 | D50: Ultraviolet Disinfection. | E50: D48 | F50: Wastewater Treatment Plant | G50: Treatment Device - Trap (Silt, Pollutant). | H50: R48 | I50: Stormwater Treatment
A51: Powdered Activated Carbon (PAC) Dosing. | B51: W49 | C51: Water Treatment Plant | D51: Tertiary Filtration (includes Filters, Membranes etc). | E51: D49 | F51: Wastewater Treatment Plant | G51: Treatment Device - Rain Gardens, Tree Pits, Up Flow. | H51: R49 | I51: Stormwater Treatment
B52: W50 | D52: Lagoons. | E52: D50 | F52: Wastewater Treatment Plant | G52: Treatment Device - Filter (Storm). | H52: R50 | I52: Stormwater Treatment
A53: Chemically Conditioned Water, Flash Mixing & Transmission. | B53: W51 | C53: Water Treatment Plant | D53: Wetlands. | E53: D51 | F53: Wastewater Treatment Plant | G53: Treatment Device - Wetlands (including Floating Wetlands). | H53: R51 | I53: Stormwater Treatment
A54: Clarification & Ancillary Equipment. | B54: W52 | C54: Water Treatment Plant | D54: Effluent Area Control Station/Channel Structure. | E54: D52 | F54: Wastewater Treatment Plant | H54: R52
A55: Clarified Water Transmission. | B55: W53 | C55: Water Treatment Plant | D55: Oxidation Ponds. | E55: D53 | F55: Wastewater Treatment Plant | H55: R53
A56: Filtration (including Membranes) & Ancillary Equipment. | B56: W54 | C56: Water Treatment Plant | D56: Irrigation/Discharge. | E56: D54 | F56: Wastewater Treatment Plant | H56: R54
A57: Filtered Water Transmission. | B57: W55 | C57: Water Treatment Plant | D57: Outfall/Discharge. | E57: D55 | F57: Wastewater Treatment Plant | G57: Outfall/Discharge. | H57: R55 | I57: Stormwater Reticulation
A58: Granulated Activated Carbon (GAC) Contact & Ancillary Equipment. | B58: W56 | C58: Water Treatment Plant | E58: D56 | F58: Wastewater Treatment Plant | H58: R56
A59: Granulated Activated Carbon (GAC) Treated Water Transmission. | B59: W57 | C59: Water Treatment Plant | D59: Membrane Ultra Filtration. | E59: D57 | F59: Wastewater Treatment Plant | H59: R57
A60: Mixing. | B60: W58 | C60: Water Treatment Plant | D60: Drying Beds. | E60: D58 | F60: Wastewater Treatment Plant | H60: R58
A61: Chlorine Contact. | B61: W59 | C61: Water Treatment Plant | D61: Landfill. | E61: D59 | F61: Wastewater Treatment Plant | H61: R59
B62: W60 | D62: Anaerobic Digestion (including Feed Tanks). | E62: D60 | F62: Wastewater Treatment Plant | H62: R60
B63: W61 | E63: D61 | H63: R61
B64: W62 | E64: D62 | H64: R62
B65: W63 | D65: Digested Sludge Handling (includes Interstage Pumping, Recirculating). | E65: D63 | F65: Wastewater Treatment Plant | H65: R63
B66: W64 | E66: D64 | H66: R64
B67: W65 | D67: Centrate Solids Treatment. | E67: D65 | F67: Wastewater Treatment Plant | H67: R65
B68: W66 | D68: Gas System (Reticulation & Processing). | E68: D66 | F68: Wastewater Treatment Plant | H68: R66
A69: Oxidising Agent Solutions (excluding Chlorine). | B69: W67 | C69: Water Treatment Plant | E69: D67 | H69: R67
A70: Ion Exchange. | B70: W68 | C70: Water Treatment Plant | E70: D68 | H70: R68
A71: Ozone Disinfection. | B71: W69 | C71: Water Treatment Plant | D71: Ozone Disinfection. | E71: D69 | F71: Wastewater Treatment Plant | H71: R69
A72: Alum/PACL Plant. | B72: W70 | C72: Water Treatment Plant | D72: Post Digestion Sludge Dewatering (i.e., Centrifuge). | E72: D70 | F72: Wastewater Treatment Plant | H72: R70
A73: Polyelectrolyte Plant. | B73: W71 | C73: Water Treatment Plant | D73: Biosolids Storage Facility/Alkaline Stabilisation Unit. | E73: D71 | F73: Wastewater Treatment Plant | H73: R71
A74: Ultraviolet Disinfection. | B74: W72 | C74: Water Treatment Plant | D74: Poly make-up Plant. | E74: D72 | F74: Wastewater Treatment Plant | H74: R72
A75: Carbon Dioxide (CO2) Plant. | B75: W73 | C75: Water Treatment Plant | D75: Chemical Dosing - Coagulation Plant (Ferric Chloride, Alum etc). | E75: D73 | F75: Wastewater Treatment Plant | H75: R73
A76: Caustic Plant. | B76: W74 | C76: Water Treatment Plant | D76: Caustic Plant - Alkalinity/pH Control. | E76: D74 | F76: Wastewater Treatment Plant | H76: R74
A77: Hypochlorite Plant (at Treatment Plant or in Reticulation). | B77: W75 | C77: Water Treatment Plant | D77: Hypochlorite Plant. | E77: D75 | F77: Wastewater Treatment Plant | H77: R75
A78: Gas Chlorine Plant. | B78: W76 | C78: Water Treatment Plant | D78: Gas Chlorine Plant. | E78: D76 | F78: Wastewater Treatment Plant | H78: R76
A79: Lime Plant. | B79: W77 | C79: Water Treatment Plant | D79: Lime Plant. | E79: D77 | F79: Wastewater Treatment Plant | H79: R77
A80: Fluoride Plant. | B80: W78 | C80: Water Treatment Plant | D80: Citric Acid. | E80: D78 | F80: Wastewater Treatment Plant | H80: R78
A81: Chlorine Neutralisation. | B81: W79 | C81: Water Treatment Plant | D81: Carbon Dosing (includes Acetic acid, Methanol, Molasses etc). | E81: D79 | F81: Wastewater Treatment Plant/Reticulation | G81: Stormwater Catchpits/Sumps. | H81: R79 | I81: Stormwater Reticulation
A82: Sodium Carbonate (Soda Ash). | B82: W80 | C82: Water Treatment Plant | D82: Wastewater Pumping (Wastewater Pump Stations - Networks/Transmission). | E82: D80 | F82: Wastewater Reticulation/Landfill | G82: Stormwater Pumping. | H82: R80 | I82: Stormwater Reticulation
A83: Acid Plant (i.e., Citric Acid). | B83: W81 | C83: Water Treatment Plant | D83: Wastewater Storage (Networks/Transmission). | E83: D81 | F83: Wastewater Reticulation | G83: Stormwater Storage (including Ponds). | H83: R81 | I83: Stormwater Reticulation
A84: Chemical Neutralisation (Process Liquid Waste & Spill Containment). | B84: W82 | C84: Water Treatment Plant | D84: Gravity Sewer including Manholes (Networks/Transmission). | E84: D82 | F84: Wastewater Reticulation | G84: Gravity Stormwater including Manholes. | H84: R82 | I84: Stormwater Reticulation
A85: Process Overflow Storage. | B85: W83 | C85: Water Treatment Plant | D85: Sewer, Inverted Siphon (Networks/Transmission). | E85: D83 | F85: Wastewater Reticulation | G85: Inverted Siphon. | H85: R83 | I85: Stormwater Reticulation
B86: W84 | D86: Rising Main (Networks/Transmission). | E86: D84 | F86: Wastewater Reticulation | G86: Rising Main. | H86: R84 | I86: Stormwater Reticulation
A87: Wash Water Recovery. | B87: W85 | C87: Water Treatment Plant | D87: Overflow (Networks/Transmission). | E87: D85 | F87: Wastewater Reticulation | G87: Overflow. | H87: R85 | I87: Stormwater Reticulation
A88: Sludge Dewatering. | B88: W86 | C88: Water Treatment Plant | D88: Wastewater Grit Collection (Networks/Transmission). | E88: D86 | F88: Wastewater Reticulation | G88: Grit Collection. | H88: R86 | I88: Stormwater Reticulation
B89: W87 | D89: Wastewater Flow Diversion (Networks/Transmission). | E89: D87 | F89: Wastewater Reticulation | G89: Control Structure - Headwall (including Wingwalls). | H89: R87 | I89: Stormwater Reticulation
B90: W88 | D90: Pressure Wastewater Line Valve. | E90: D88 | F90: Wastewater Reticulation | G90: Pressure Stormwater Line Valve. | H90: R88 | I90: Stormwater Reticulation
A91: Boundary Valve – Pressure or Supply. | B91: W89 | C91: Treated Water | D91: Boundary Connection for Pressure Wastewater. | E91: D89 | F91: Wastewater Reticulation | G91: Boundary Retention. | H91: R89 | I91: Stormwater Reticulation
A92: Treated Water (General). | B92: W90 | C92: Water Treatment Plant | D92: Flow Measurement/Metering. | E92: D90 | F92: Wastewater Reticulation | G92: Flow Measurement/Metering. | H92: R90 | I92: Stormwater Reticulation
A93: Treated Water Pumping (Treated Water Pump Stations/Storage/Water Mains, Service Lines & Pipes). | B93: W91 | C93: Water Reticulation | E93: D91 | G93: Control Structure - Dam. | H93: R91 | I93: Stormwater Reticulation
A94: Treated Water Line Valving. | B94: W92 | C94: Water Reticulation | E94: D92 | G94: Waterway - Drain (Natural, Manmade). | H94: R92 | I94: Stormwater Reticulation
A95: Treated Water Bulk Supply Points. | B95: W93 | C95: Water Reticulation | E95: D93 | G95: Waterway - Aqueduct. | H95: R93 | I95: Stormwater Reticulation
A96: Treated Water Flow Control. | B96: W94 | C96: Water Reticulation | E96: D94 | G96: Waterway - Channel. | H96: R94 | I96: Stormwater Reticulation
A97: Treated Water Flow Metering. | B97: W95 | C97: Water Reticulation | E97: D95 | H97: R95
A98: Treated Water Cross-Connection. | B98: W96 | C98: Water Reticulation | E98: D96 | H98: R96
A99: Treated Water Surge Protection (Tanks/Valves etc). | B99: W97 | C99: Water Reticulation | D99: Wastewater Surge Protection (Tanks/Valves etc). | E99: D97 | F99: Wastewater Reticulation | H99: R97
A100: Treated Water Aqueducts & Tunnel. | B100: W98 | C100: Water Reticulation | E100: D98 | H100: R98
...

Sheet Tier 03-Sub-Process Area Codes
B1: Sub-Process Area (System) Codes Description | C1: Sub-Process Area (System) Codes
B2: 11kV | C2: 11KV
B3: 22kV - Site General | C3: 22KW02
B4: 22kV- Raw Water | C4: 22KW20
B5: 22kV - Treated Water | C5: 22KW90
B6: Aeration Basin #2 | C6: AB2
B7: Asbestos Containing Material | C7: ACM
B8: Administration | C8: ADMIN
B9: Aeration | C9: AERATN
B10: Compressed Air | C10: AIR
B11: Air scour | C11: AIRSCR
B12: Compressed Air - Raw Water | C12: AIRW20
... B252: Transfer | C252: XFER

Sheet Tier 04 - Asset Codes
A1: Asset Type Code | B1: Asset Type Description | C1: Asset Class | D1: Asset Class Description | F1: COMP CODE | G1: COMPTYPE | H1: Unit Type | I1: {=_xlfn.UNIQUE(C:C)} -> Asset Class | M1: Column1 | N1: MappedUnitDesc | O1: UnitType
A2: BLD | B2: BUILDING/ROOM. | C2: Building | D2: A structure with floor, roof and walls with above ground walk-in access. | E2: =B2 -> BUILDING/ROOM. | F2: BLDS | G2: 1020 | I2: Building | J2: =SUBSTITUTE(I2," ","") -> Building | K2: =J2&"1" -> Building1 | M2: =K3 -> ChambersandManholes1 | N2: Chamber-Box. | O2: CHB-MH
A3: PBLD | B3: PORTABLE BUILDING (CONTAINER)/ROOM. | C3: Building | E3: =B3 -> PORTABLE BUILDING (CONTAINER)/ROOM. | F3: BLDS | G3: 1020 | I3: Chambers and Manholes | J3: =SUBSTITUTE(I3," ","") -> ChambersandManholes | K3: =J3&"1" -> ChambersandManholes1 | N3: Chamber-Inspection Shaft. | O3: CHB-INSP
A4: CHB | B4: CHAMBER. | C4: Chambers and Manholes | D4: A partially below ground or below ground enclosure where equipment and pipework is housed for inspection or maintenance purposes. | E4: =B4 -> CHAMBER. | F4: CHAM | G4: 1011 | I4: Civil | J4: =SUBSTITUTE(I4," ","") -> Civil | K4: =J4&"1" -> Civil1 | N4: Chamber-Manhole. | O4: CHB-MH
A5: GA | B5: PENSTOCK. | C5: Chambers and Manholes | E5: =B5 -> PENSTOCK. | F5: CHAM | G5: 1011 | I5: Containment Structures | J5: =SUBSTITUTE(I5," ","") -> ContainmentStructures | K5: =J5&"1" -> ContainmentStructures1 | N5: Reticulation-Access Chamber-Chamber. | O5: CHB-UNDEF
A6: STMH | B6: SW MANHOLE | C6: Chambers and Manholes | E6: =B6 -> SW MANHOLE | F6: CHAM | G6: 30 | I6: Control Systems | J6: =SUBSTITUTE(I6," ","") -> ControlSystems | K6: =J6&"1" -> ControlSystems1 | N6: Reticulation-Access Chamber-Manhole. | O6: CHB-MH
A7: MH | B7: WW MANHOLE. | C7: Chambers and Manholes | E7: =B7 -> WW MANHOLE. | F7: CHAM | G7: 22 | I7: Electrical Rotating | J7: =SUBSTITUTE(I7," ","") -> ElectricalRotating | K7: =J7&"1" -> ElectricalRotating1 | N7: Reticulation-Access Chamber-Pump Chamber. | O7: CHB-UNDEF
A8: SU | B8: SUMP. | C8: Chambers and Manholes | E8: =B8 -> SUMP. | F8: CHAM | G8: 1011 | I8: Electrical Static | J8: =SUBSTITUTE(I8," ","") -> ElectricalStatic | K8: =J8&"1" -> ElectricalStatic1 | N8: Reticulation-Access Chamber-Valve Chamber. | O8: CHB-LV
A9: TN | B9: TUNNEL. | C9: Chambers and Manholes | E9: =B9 -> TUNNEL. | F9: CHAM | G9: 1011 | I9: Equipment | J9: =SUBSTITUTE(I9," ","") -> Equipment | K9: =J9&"1" -> Equipment1 | N9: Reticulation-Sump-Trap. | O9: CHB-SUMP
A10: VT | B10: VALVE TOWER. | C10: Chambers and Manholes | E10: =B10 -> VALVE TOWER. | F10: CHAM | G10: 1011 | I10: Instruments and Monitoring Equipment | J10: =SUBSTITUTE(I10," ","") -> InstrumentsandMonitoringEquipment | K10: =J10&"1" -> InstrumentsandMonitoringEquipment1 | N10: Soakhole-Soakhole. | O10: CHB-UNDEF
A11: CPIT | B11: CATCHPIT (SUMP). | C11: Chambers and Manholes | E11: =B11 -> CATCHPIT (SUMP). | F11: CHAM | G11: 1011 | I11: Land | J11: =SUBSTITUTE(I11," ","") -> Land | K11: =J11&"1" -> Land1 | N11: Structure-Containment Structure-Storage Chamber. | O11: CHB-WELLW
A12: IP | B12: INSPECTION POINT. | C12: Chambers and Manholes | E12: =B12 -> INSPECTION POINT. | F12: CHAM | G12: 1011 | I12: Mechanical Rotating | J12: =SUBSTITUTE(I12," ","") -> MechanicalRotating | K12: =J12&"1" -> MechanicalRotating1 | M12: =K4 -> Civil1 | N12: Catchpit-Catchpit - Single. | O12: DRAIN-STD
A13: HSTND | B13: HARDSTANDING. | C13: Civil | D13: A structure that provides adequate rigidity to withstand its own weight and can resist external loads. The load elements relate to civil structures e.g., anchor blocks, bridge piers or equipment bases. | E13: =B13 -> HARDSTANDING. | F13: CIVL | G13: 1021 | I13: Mechanical Static | J13: =SUBSTITUTE(I13," ","") -> MechanicalStatic | K13: =J13&"1" -> MechanicalStatic1 | N13: Structure-Concrete Pad-Concrete Pad. | O13: SUP-PAD
A14: PATH | B14: FOOTPATH. | C14: Civil | E14: =B14 -> FOOTPATH. | F14: CIVL | G14: 1021 | I14: Pipes and Conduits | J14: =SUBSTITUTE(I14," ","") -> PipesandConduits | K14: =J14&"1" -> PipesandConduits1 | N14: Structure-Concrete Pad-Generator Pad. | O14: SUP-PAD
A15: PIER | B15: PIER. | C15: Civil | E15: =B15 -> PIER. | F15: CIVL | G15: 1021 | I15: Control Structures | J15: =SUBSTITUTE(I15," ","") -> ControlStructures | K15: =J15&"1" -> ControlStructures1 | N15: Structure-Platform-Pad - Concrete. | O15: SUP-PAD
A16: SUP | B16: SUPPORT STRUCTURE. INCLUDES FOUNDATION, ANCHOR BLOCK, ROLLER, PAD PLINTH, PONTOON. | C16: Civil | E16: =B16 -> SUPPORT STRUCTURE. INCLUDES FOUNDATION, ANCHOR BLOCK, ROLLER, PAD PLINTH, PONTOON. | F16: CIVL | G16: 1021 | I16: Roads Bridges and Rail | J16: =SUBSTITUTE(I16," ","") -> RoadsBridgesandRail | K16: =J16&"1" -> RoadsBridgesandRail1 | M16: =K14 -> PipesandConduits1 | N16: Connection | O16: PIPE-PRES
A17: SWY | B17: SPILLWAY. | C17: Civil | E17: =B17 -> SPILLWAY. | F17: CIVL | G17: 1021 | I17: Site Services | J17: =SUBSTITUTE(I17," ","") -> SiteServices | K17: =J17&"1" -> SiteServices1 | N17: Gravity Main | O17: PIPE-NPRES
A18: BIN | B18: BIN, STORAGE. | C18: Containment Structures | D18: A structure or vessel that manages media for storage or process balancing such as reservoirs, and process tanks. | E18: =B18 -> BIN, STORAGE. | F18: CONT | G18: 1016 | I18: Treatment Devices | J18: =SUBSTITUTE(I18," ","") -> TreatmentDevices | K18: =J18&"1" -> TreatmentDevices1 | N18: Laterals | O18: PIPE-NPRES
A19: BORE | B19: BORE. | C19: Containment Structures | E19: =B19 -> BORE. | F19: CONT | G19: 1016 | I19: Tools | J19: =SUBSTITUTE(I19," ","") -> Tools | K19: =J19&"1" -> Tools1 | N19: Main | O19: PIPE-PRES
A20: BUND | B20: BUND. | C20: Containment Structures | E20: =B20 -> BUND. | F20: CONT | G20: 1016 | I20: Valves | J20: =SUBSTITUTE(I20," ","") -> Valves | K20: =J20&"1" -> Valves1 | N20: Reticulation-Pipe-Drainage. | O20: PIPE-UNDEF
A21: HP | B21: HOPPER. | C21: Containment Structures | E21: =B21 -> HOPPER. | F21: CONT | G21: 1016 | I21: Vehicles | J21: =SUBSTITUTE(I21," ","") -> Vehicles | K21: =J21&"1" -> Vehicles1 | N21: Reticulation-Pipe-Sewer Main. | O21: PIPE-PRES
A22: RE | B22: RECEIVER. | C22: Containment Structures | E22: =B22 -> RECEIVER. | F22: CONT | G22: 1016 | I22: Waterway | J22: =SUBSTITUTE(I22," ","") -> Waterway | K22: =J22&"1" -> Waterway1 | N22: Reticulation-Pipe-Sewer Rising Main. | O22: PIPE-PRES
A23: STG | B23: STORAGE UNIT - INCLUDES AS SUB TYPE: CONTAINER, SKIP, TIPPING BUCKET. | C23: Containment Structures | E23: =B23 -> STORAGE UNIT - INCLUDES AS SUB TYPE: CONTAINER, SKIP, TIPPING BUCKET. | F23: CONT | G23: 1016 | I23: 0 | J23: =SUBSTITUTE(I23," ","") -> 0 | K23: =J23&"1" -> 01 | N23: Reticulation-Pipe-Water. | O23: PIPE-UNDEF
A24: SY | B24: SPLITTER BOX. | C24: Containment Structures | E24: =B24 -> SPLITTER BOX. | F24: CONT | G24: 1016 | J24: =SUBSTITUTE(I24," ","") | K24: =J24&"1" -> 1 | N24: Rider Main | O24: PIPE-PRES
A25: TK | B25: TANK - INCLUDES RESERVOIRS. | C25: Containment Structures | E25: =B25 -> TANK - INCLUDES RESERVOIRS. | F25: CONT | G25: 1016 | K25: =J25&"1" -> 1 | N25: Rising Main | O25: PIPE-PRES
A26: VL | B26: VESSEL, PRESSURISED. | C26: Containment Structures | E26: =B26 -> VESSEL, PRESSURISED. | F26: CONT | G26: 1016 | K26: =J26&"1" -> 1 | N26: Service Main | O26: PIPE-NPRES
A27: WL | B27: WELL. | C27: Containment Structures | E27: =B27 -> WELL. | F27: CONT | G27: 1016 | K27: =J27&"1" -> 1 | N27: Service Main - Pressurised | O27: PIPE-PRES
A28: ANT | B28: ANTENNA. | C28: Control Systems | D28: Asset systems that integrate software and hardware with network connectivity to manage, command, direct or regulate the behaviour of other devices or systems using control loops that are either automated and/or manually directed. | E28: =B28 -> ANTENNA. | F28: CNTS | G28: 1022 | K28: =J28&"1" -> 1 | M28: =K5 -> ContainmentStructures1 | N28: Chamber-Grinder Pump Chamber. | O28: TNK-NPRESS
A29: COMP | B29: COMPUTER AND OTHER ELECTRONIC COMPONENTS AND SERVERS. INCLUDE AS SUB TYPES: MONITOR, SERVER, ELECTRONIC STORAGE, PRINTER, KEYBOARD VIDEO MONITOR, WORKSTATION. | C29: Control Systems | E29: =B29 -> COMPUTER AND OTHER ELECTRONIC COMPONENTS AND SERVERS. INCLUDE AS SUB TYPES: MONITOR, SERVER, ELECTRONIC STORAGE, PRINTER, KEYBOARD VIDEO MONITOR, WORKSTATION. | F29: CNTS | G29: 1022 | K29: =J29&"1" -> 1 | N29: Chamber-Step Tank Chamber. | O29: TNK-NPRESS
A30: CONT | B30: CONTROL COMPONENTS. INCLUDE AS SUB TYPES CONTROLLER, IO MODULES, MULTIPLEXER, HUMAN MACHINE INTERFACE. | C30: Control Systems | E30: =B30 -> CONTROL COMPONENTS. INCLUDE AS SUB TYPES CONTROLLER, IO MODULES, MULTIPLEXER, HUMAN MACHINE INTERFACE. | F30: CNTS | G30: 1022 | K30: =J30&"1" -> 1 | N30: Civil Structure-Containment Structure-Bin. Description: Inlet Works - Grit Bin | O30: STU-CONT
A31: DCS | B31: FIELD CABINET DCS. | C31: Control Systems | E31: =B31 -> FIELD CABINET DCS. | F31: CNTS | G31: 1022 | K31: =J31&"1" -> 1 | N31: Civil Structure-Containment Structure-Bin. Description: Inlet Works - Screen Bin | O31: STU-CONT
A32: FCAB | B32: CABINET, BOX, OUTDOOR ELECTRICAL. | C32: Control Systems | E32: =B32 -> CABINET, BOX, OUTDOOR ELECTRICAL. | F32: CNTS | G32: 1022 | K32: =J32&"1" -> 1 | N32: Civil Structure-Containment Structure-Holding Tank.. | O32: TNK-NPRESS
A33: FOP | B33: FIBRE OPTIC PANEL. | C33: Control Systems | E33: =B33 -> FIBRE OPTIC PANEL. | F33: CNTS | G33: 1022 | K33: =J33&"1" -> 1 | N33: Mechanical-Mechanical Equipment-Pressure Vessel. | O33: TNK-PRESD
A34: IMW | B34: INDOOR MICROWAVE RADIO UNIT. | C34: Control Systems | E34: =B34 -> INDOOR MICROWAVE RADIO UNIT. | F34: CNTS | G34: 1022 | K34: =J34&"1" -> 1 | N34: Mechanical-Mechanical Equipment-Salt Brine Unit. Description: Irrigation - Salt Brine Unit for Disinfection/Cleaning | O34: TNK-UNDEF
A35: NSW | B35: NETWORK SWITCH. | C35: Control Systems | E35: =B35 -> NETWORK SWITCH. | F35: CNTS | G35: 1022 | K35: =J35&"1" -> 1 | N35: Reticulation-Channel-Channel. Description: Channel - UV unit | O35: CHANEL-STD
A36: OMW | B36: OUTDOOR MICROWAVE RADIO UNIT. | C36: Control Systems | E36: =B36 -> OUTDOOR MICROWAVE RADIO UNIT. | F36: CNTS | G36: 1022 | K36: =J36&"1" -> 1 | N36: Reticulation-Channel-Channel. Description: UV Outlet Channel | O36: CHANEL-STD
A37: PC | B37: PERSONAL COMPUTER. | C37: Control Systems | E37: =B37 -> PERSONAL COMPUTER. | F37: CNTS | G37: 1022 | K37: =J37&"1" -> 1 | N37: Structure-Containment Structure-Aerated Lagoon. | O37: POND-STD
A38: PLC | B38: PROGRAMMABLE LOGIC CONTROLLER. | C38: Control Systems | E38: =B38 -> PROGRAMMABLE LOGIC CONTROLLER. | F38: CNTS | G38: 1022 | K38: =J38&"1" -> 1 | N38: Structure-Containment Structure-Biosolid Lagoon. | O38: POND-STD
A39: RAD | B39: RADIO. | C39: Control Systems | E39: =B39 -> RADIO. | F39: CNTS | G39: 1022 | K39: =J39&"1" -> 1 | N39: Structure-Containment Structure-Caustic Storage Tank. | O39: TNK-NPRESS
A40: RTR | B40: ROUTER. | C40: Control Systems | E40: =B40 -> ROUTER. | F40: CNTS | G40: 1022 | K40: =J40&"1" -> 1 | N40: Structure-Containment Structure-Clarifier - Horizontal Upflow. | O40: TNK-NPRESS
... A43: TEL | B43: TELEMETRY HARDWARE. | C43: Control Systems | E43: =B43 -> TELEMETRY HARDWARE. | F43: CNTS | G43: 1022 | K43: =J43&"1" -> 1 | N43: Structure-Containment Structure-Reservoir. | O43: TNK-NPRESS
A44: ALT | B44: ALTERNATOR. | C44: Electrical Rotating | D44: Electrical equipment that is the motive or drive to mechanical equipment to perform work or rotated by a mechanical machine to produce electricity. | E44: =B44 -> ALTERNATOR. | F44: ELRO | G44: 1015 | K44: =J44&"1" -> 1 | N44: Structure-Containment Structure-Residual Tank. | O44: TNK-NPRESS
A45: GEN | B45: GENERATOR - STANDBY. | C45: Electrical Rotating | E45: =B45 -> GENERATOR - STANDBY. | F45: ELRO | G45: 1015 | K45: =J45&"1" -> 1 | N45: Structure-Containment Structure-Sodium Hydroxide Storage Tank. | O45: TNK-NPRESS
A46: MOT | B46: MOTOR. | C46: Electrical Rotating | E46: =B46 -> MOTOR. | F46: ELRO | G46: 1015 | K46: =J46&"1" -> 1 | N46: Structure-Containment Structure-Tank. | O46: TNK-NPRESS
A47: ATS | B47: AUTO TRANSFER SWITCH. | C47: Electrical Static | D47: Equipment used in the distribution, protection and management of AC and DC electricity supply. | E47: =B47 -> AUTO TRANSFER SWITCH. | F47: ELST | G47: 1014 | K47: =J47&"1" -> 1 | N47: Structure-Containment Structure-Tanks. | O47: TNK-NPRESS
A48: AVR | B48: AUTOMATIC VOLTAGE REGULATOR. | C48: Electrical Static | E48: =B48 -> AUTOMATIC VOLTAGE REGULATOR. | F48: ELST | G48: 1014 | K48: =J48&"1" -> 1 | N48: Structure-Embankments-Bunding Wall. | O48: BUND-STD
A49: BAT | B49: BATTERY. | C49: Electrical Static | E49: =B49 -> BATTERY. | F49: ELST | G49: 1014 | K49: =J49&"1" -> 1 | N49: Structure-Retaining Structure-Ponds. | O49: POND-STD
A50: BATC | B50: BATTERY CHARGER. | C50: Electrical Static | E50: =B50 -> BATTERY CHARGER. | F50: ELST | G50: 1014 | K50: =J50&"1" -> 1 | N50: Structure-Well-Bore. | O50: WELL-BORE
A51: CB | B51: CIRCUIT BREAKER. INCLUDES HIGH AND LOW VOLTAGE CB AS SUB TYPES. | C51: Electrical Static | E51: =B51 -> CIRCUIT BREAKER. INCLUDES HIGH AND LOW VOLTAGE CB AS SUB TYPES. | F51: ELST | G51: 1014 | K51: =J51&"1" -> 1 | M51: =K6 -> ControlSystems1 | N51: Electrical-Electrical Equipment-Cabinet. | O51: FCAB-STD
A52: CBL | B52: CABLING/CABLE. | C52: Electrical Static | E52: =B52 -> CABLING/CABLE. | F52: ELST | G52: 1014 | K52: =J52&"1" -> 1 | N52: Electrical-Electrical Equipment-Communications Tower. | O52: CTL-UNDEF
A53: CP | B53: CATHODIC PROTECTION. | C53: Electrical Static | E53: =B53 -> CATHODIC PROTECTION. | F53: ELST | G53: 1014 | K53: =J53&"1" -> 1 | N53: Instrumentation-Instruments-Modem. | O53: DAT-MODEM
A54: CPNL | B54: CONTROL PANEL. | C54: Electrical Static | E54: =B54 -> CONTROL PANEL. | F54: ELST | G54: 1014 | K54: =J54&"1" -> 1 | N54: Instrumentation-Instruments-Programable Logic Controller. | O54: PLCRTU-STD
A55: CS | B55: CONTROL STATION. | C55: Electrical Static | E55: =B55 -> CONTROL STATION. | F55: ELST | G55: 1014 | K55: =J55&"1" -> 1 | N55: Instrumentation-Instruments-Radio Link. | O55: RADIO-STD
A56: DB | B56: DISTRIBUTION BOARD. | C56: Electrical Static | E56: =B56 -> DISTRIBUTION BOARD. | F56: ELST | G56: 1014 | K56: =J56&"1" -> 1 | N56: Instrumentation-Instruments-Scada System. | O56: CTL-IOMOD
A57: ESL | B57: STATIC TRANSFER SWITCH. | C57: Electrical Static | E57: =B57 -> STATIC TRANSFER SWITCH. | F57: ELST | G57: 1014 | K57: =J57&"1" -> 1 | N57: Instrumentation-Instruments-Telemetry Outstation. | O57: DAT-TEL
A58: ETH | B58: EARTHING - INCLUDE IN SUB TYPE ELECTRODE AND EARTH GRID. | C58: Electrical Static | E58: =B58 -> EARTHING - INCLUDE IN SUB TYPE ELECTRODE AND EARTH GRID. | F58: ELST | G58: 1014 | K58: =J58&"1" -> 1 | M58: =K7 -> ElectricalRotating1 | N58: Electrical-Electrical Equipment-Generator. | O58: GEN-STD
A59: HFR | B59: HARMONIC FILTER. | C59: Electrical Static | E59: =B59 -> HARMONIC FILTER. | F59: ELST | G59: 1014 | K59: =J59&"1" -> 1 | N59: Electrical-Electrical Equipment-Motor. | O59: MOT-STD
A60: HGS | B60: HYPOCHLORITE GENERATION SYSTEM. | C60: Electrical Static | E60: =B60 -> HYPOCHLORITE GENERATION SYSTEM. | F60: ELST | G60: 1014 | K60: =J60&"1" -> 1 | N60: Electrical-Electrical Equipment-Motor. Description: Air Compressor | O60: MOT-STD
A61: HO | B61: HORN. | C61: Electrical Static | E61: =B61 -> HORN. | F61: ELST | G61: 1014 | K61: =J61&"1" -> 1 | N61: Electrical-Electrical Equipment-Motor. Description: Blower 1 - Inc Motor Cooling Fan Enclosure Cooling Fan | O61: MOT-STD
A62: HTR | B62: HEATER. | C62: Electrical Static | E62: =B62 -> HEATER. | F62: ELST | G62: 1014 | K62: =J62&"1" -> 1 | N62: Electrical-Electrical Equipment-Motor. Description: Blower 2 - Motor Cooling Fan Enclosure Cooling Fan | O62: MOT-STD
A63: INV | B63: INVERTER. | C63: Electrical Static | E63: =B63 -> INVERTER. | F63: ELST | G63: 1014 | K63: =J63&"1" -> 1 | N63: Electrical-Electrical Equipment-Motor. Description: Blower 3 - Incl Motor Cooling Fan Enclosure Cooling Fan | O63: MOT-STD
A64: JB | B64: JUNCTION BOX. | C64: Electrical Static | E64: =B64 -> JUNCTION BOX. | F64: ELST | G64: 1014 | K64: =J64&"1" -> 1 | N64: Electrical-Electrical Equipment-Motor. Description: Caustic Dosing Pump 1 | O64: MOT-STD
A65: LTG | B65: LIGHTING. | C65: Electrical Static | E65: =B65 -> LIGHTING. | F65: ELST | G65: 1014 | K65: =J65&"1" -> 1 | N65: Electrical-Electrical Equipment-Motor. Description: Caustic Dosing Pump 2 | O65: MOT-STD
A66: MCC | B66: MOTOR CONTROL CENTRE. | C66: Electrical Static | E66: =B66 -> MOTOR CONTROL CENTRE. | F66: ELST | G66: 1014 | K66: =J66&"1" -> 1 | N66: Electrical-Electrical Equipment-Motor. Description: Chemical Dosing Pump | O66: MOT-STD
A67: MPR | B67: MOTOR PROTECTION RELAY. | C67: Electrical Static | E67: =B67 -> MOTOR PROTECTION RELAY. | F67: ELST | G67: 1014 | K67: =J67&"1" -> 1 | N67: Electrical-Electrical Equipment-Motor. Description: Decant Pump 1 | O67: MOT-STD
A68: PFC | B68: POWER FACTOR CORRECTION UNIT. | C68: Electrical Static | E68: =B68 -> POWER FACTOR CORRECTION UNIT. | F68: ELST | G68: 1014 | K68: =J68&"1" -> 1 | N68: Electrical-Electrical Equipment-Motor. Description: Decant Pump 2 | O68: MOT-STD
A69: POLE | B69: POWER POLE OR OTHER. | C69: Electrical Static | E69: =B69 -> POWER POLE OR OTHER. | F69: ELST | G69: 1014 | K69: =J69&"1" -> 1 | N69: Electrical-Electrical Equipment-Motor. Description: Extractor Fan - Duty | O69: MOT-STD
A70: PS | B70: POWER SUPPLY. | C70: Electrical Static | E70: =B70 -> POWER SUPPLY. | F70: ELST | G70: 1014 | K70: =J70&"1" -> 1 | N70: Electrical-Electrical Equipment-Motor. Description: Extractor Fan - Standby | O70: MOT-STD
... A81: XFMR | B81: TRANSFORMER. | C81: Electrical Static | E81: =B81 -> TRANSFORMER. | F81: ELST | G81: 1014 | K81: =J81&"1" -> 1 | N81: Electrical-Electrical Equipment-Motor. Description: Thickener - Incl WAS Pump | O81: MOT-STD
A82: LABEQ | B82: LABORATORY EQUIPMENT. | C82: Equipment | D82: Facility equipment not related to water services, captured for the sake of financial valuation. | E82: =B82 -> LABORATORY EQUIPMENT. | F82: PEQ | G82: 3 | K82: =J82&"1" -> 1 | N82: Electrical-Electrical Equipment-Motor. Description: Ventilation Fan | O82: MOT-STD
A83: FURN | B83: OFFICE FURNITURE & EQUIPMENT, INCLUDES DISHWASHER, OVEN AND MICROWAVE. | C83: Equipment | E83: =B83 -> OFFICE FURNITURE & EQUIPMENT, INCLUDES DISHWASHER, OVEN AND MICROWAVE. | F83: PEQ | G83: 3 | K83: =J83&"1" -> 1 | N83: Electrical-Electrical Equipment-Motor. Description: Waste Return Pump 1 | O83: MOT-STD
A84: AE | B84: ANALYSER ELEMENT. | C84: Instruments and Monitoring Equipment | D84: A device used directly or indirectly to measure and/or control a variable. The term does not apply to parts (e.g., a receiver bellows or a resistor) that are internal components of an instrument. | E84: =B84 -> ANALYSER ELEMENT. | F84: INST | G84: 1023 | K84: =J84&"1" -> 1 | N84: Electrical-Electrical Equipment-Motor. Description: Waste Return Pump 2 | O84: MOT-STD
A85: AIT | B85: ANALYSER INDICATING TRANSMITTER. | C85: Instruments and Monitoring Equipment | E85: =B85 -> ANALYSER INDICATING TRANSMITTER. | F85: INST | G85: 1023 | K85: =J85&"1" -> 1 | M85: =K8 -> ElectricalStatic1 | N85: Electrical-Control Box. | O85: CTLPNL-STD
A86: CIT | B86: ANALYSER, CONDUCTIVITY. | C86: Instruments and Monitoring Equipment | E86: =B86 -> ANALYSER, CONDUCTIVITY. | F86: INST | G86: 1023 | K86: =J86&"1" -> 1 | N86: Electrical-Electrical Equipment-Control Panel. | O86: CTLPNL-STD
A87: DIT | B87: DENSITY INDICATOR TRANSMITTER. | C87: Instruments and Monitoring Equipment | E87: =B87 -> DENSITY INDICATOR TRANSMITTER. | F87: INST | G87: 1023 | K87: =J87&"1" -> 1 | N87: Electrical-Electrical Equipment-Control Panel. Description: Screening Control Panel | O87: CTLPNL-STD
A88: DL | B88: DATA LOGGER. | C88: Instruments and Monitoring Equipment | E88: =B88 -> DATA LOGGER. | F88: INST | G88: 1023 | K88: =J88&"1" -> 1 | N88: Electrical-Electrical Equipment-Control Panel. Description: TCOM Control Panel | O88: CTLPNL-STD
A89: FE | B89: FLOW ELEMENT. | C89: Instruments and Monitoring Equipment | E89: =B89 -> FLOW ELEMENT. | F89: INST | G89: 1023 | K89: =J89&"1" -> 1 | N89: Electrical-Electrical Equipment-Control Panel. Description: UV Panel | O89: CTLPNL-STD
A90: FIT | B90: FLOW INDICATING TRANSMITTER. | C90: Instruments and Monitoring Equipment | E90: =B90 -> FLOW INDICATING TRANSMITTER. | F90: INST | G90: 1023 | K90: =J90&"1" -> 1 | N90: Electrical-Electrical Equipment-Electrical Controls. | O90: CTLPNL-STD
A91: FS | B91: FLOW SWITCH. | C91: Instruments and Monitoring Equipment | E91: =B91 -> FLOW SWITCH. | F91: INST | G91: 1023 | K91: =J91&"1" -> 1 | N91: Electrical-Electrical Equipment-Electrical Controls. Description: DCM Scan Unit | O91: CTLPNL-STD
A92: FT | B92: FLOW TRANSMITTER. | C92: Instruments and Monitoring Equipment | E92: =B92 -> FLOW TRANSMITTER. | F92: INST | G92: 1023 | K92: =J92&"1" -> 1 | N92: Electrical-Electrical Equipment-Electrical Controls. Description: Electrical Control System Upgrade | O92: CTLPNL-STD
A93: GP | B93: GEARPLATE. | C93: Instruments and Monitoring Equipment | E93: =B93 -> GEARPLATE. | F93: INST | G93: 1023 | K93: =J93&"1" -> 1 | N93: Electrical-Electrical Equipment-Electrical Controls. Description: Electrical Controls | O93: CTLPNL-STD
A94: JIT | B94: POWER INDICATING TRANSMITTER. | C94: Instruments and Monitoring Equipment | E94: =B94 -> POWER INDICATING TRANSMITTER. | F94: INST | G94: 1023 | K94: =J94&"1" -> 1 | N94: Electrical-Electrical Equipment-Electrical Controls. Description: sludge level transducer | O94: CTLPNL-STD
A95: KS | B95: TIMER/TIME INITIATED SWITCH. | C95: Instruments and Monitoring Equipment | E95: =B95 -> TIMER/TIME INITIATED SWITCH. | F95: INST | G95: 1023 | K95: =J95&"1" -> 1 | N95: Electrical-Electrical Equipment-Electrical Controls. Description: Velosity meter | O95: CTLPNL-STD
A96: LE | B96: LEVEL ELEMENT. | C96: Instruments and Monitoring Equipment | E96: =B96 -> LEVEL ELEMENT. | F96: INST | G96: 1023 | K96: =J96&"1" -> 1 | N96: Electrical-Electrical Equipment-Harmonic Filter. | O96: ELE-HFR
A97: LIIT | B97: LEVEL INTERFACE INDICATING TRANSMITTER. | C97: Instruments and Monitoring Equipment | E97: =B97 -> LEVEL INTERFACE INDICATING TRANSMITTER. | F97: INST | G97: 1023 | K97: =J97&"1" -> 1 | N97: Electrical-Electrical Equipment-HMI - Panel View Interface. | O97: ELE-HFR
... A122: WE | B122: WEIGH ELEMENT. | C122: Instruments and Monitoring Equipment | E122: =B122 -> WEIGH ELEMENT. | F122: INST | G122: 1023 | K122: =J122&"1" -> 1 | N122: Mechanical-Mechanical Equipment-UV Unit. Description: UV Upgrade | O122: UV-LAMP
A123: WIT | B123: WEIGHT INDICATING TRANSMITTER. | C123: Instruments and Monitoring Equipment | E123: =B123 -> WEIGHT INDICATING TRANSMITTER. | F123: INST | G123: 1023 | K123: =J123&"1" -> 1 | M123: =K10 -> InstrumentsandMonitoringEquipment1 | N123: Instrumentation-Instruments-Analyser. | O123: AIT-STD
A124: WMT | B124: WATER MONITORING. | C124: Instruments and Monitoring Equipment | E124: =B124 -> WATER MONITORING. | F124: INST | G124: 1023 | K124: =J124&"1" -> 1 | N124: Instrumentation-Instruments-Analyser. Description: Chlorine Analyser | O124: AIT-STD
A125: WSH | B125: WEIGHT/TORQUE SWITCH HIGH. | C125: Instruments and Monitoring Equipment | E125: =B125 -> WEIGHT/TORQUE SWITCH HIGH. | F125: INST | G125: 1023 | K125: =J125&"1" -> 1 | N125: Instrumentation-Instruments-Analyser. Description: pH Analyer | O125: AIT-STD
A126: WSL | B126: WEIGHT/TORQUE SWITCH LOW. | C126: Instruments and Monitoring Equipment | E126: =B126 -> WEIGHT/TORQUE SWITCH LOW. | F126: INST | G126: 1023 | K126: =J126&"1" -> 1 | N126: Instrumentation-Instruments-Analyser. Description: pH Analyser | O126: AIT-STD
A127: WSHH | B127: WEIGHT/TORQUE SWITCH HIGH HIGH. | C127: Instruments and Monitoring Equipment | E127: =B127 -> WEIGHT/TORQUE SWITCH HIGH HIGH. | F127: INST | G127: 1023 | K127: =J127&"1" -> 1 | N127: Instrumentation-Instruments-Analyser. Description: Turbidity Analyser | O127: AIT-STD
A128: WSLL | B128: WEIGHT/TORQUE SWITCH LOW LOW. | C128: Instruments and Monitoring Equipment | E128: =B128 -> WEIGHT/TORQUE SWITCH LOW LOW. | F128: INST | G128: 1023 | K128: =J128&"1" -> 1 | N128: Instrumentation-Instruments-DO Probe and Controller. Description: DO Probe | O128: AIT-STD
A129: WSTAT | B129: WEATHER STATION. | C129: Instruments and Monitoring Equipment | E129: =B129 -> WEATHER STATION. | F129: INST | G129: 1023 | K129: =J129&"1" -> 1 | N129: Instrumentation-Instruments-Flow Meter. | O129: FIT-STD
A130: WT | B130: WEIGH TRANSMITTER. | C130: Instruments and Monitoring Equipment | E130: =B130 -> WEIGH TRANSMITTER. | F130: INST | G130: 1023 | K130: =J130&"1" -> 1 | N130: Instrumentation-Instruments-Flow Meter. Description: 1 Flow Guage | O130: FIT-STD
A131: ZDE | B131: DEVIATION ELEMENT (SURVEY). | C131: Instruments and Monitoring Equipment | E131: =B131 -> DEVIATION ELEMENT (SURVEY). | F131: INST | G131: 1023 | K131: =J131&"1" -> 1 | N131: Instrumentation-Instruments-Flow Meter. Description: 150mm AB Flow Meter (MAG) at Start of Treatment Plant | O131: FIT-STD
A132: ZIC | B132: POSITION INDICATING CONTROLLER. | C132: Instruments and Monitoring Equipment | E132: =B132 -> POSITION INDICATING CONTROLLER. | F132: INST | G132: 1023 | K132: =J132&"1" -> 1 | N132: Instrumentation-Instruments-Flow Meter. Description: 2 Rain Gauges | O132: FIT-STD
A133: ZSO | B133: POSITION SWITCH OPEN. | C133: Instruments and Monitoring Equipment | E133: =B133 -> POSITION SWITCH OPEN. | F133: INST | G133: 1023 | K133: =J133&"1" -> 1 | N133: Instrumentation-Instruments-Flow Meter. Description: 4 Wastewater Flow Gauges | O133: FIT-STD
A134: ZSC | B134: POSITION SWITCH CLOSE. | C134: Instruments and Monitoring Equipment | E134: =B134 -> POSITION SWITCH CLOSE. | F134: INST | G134: 1023 | K134: =J134&"1" -> 1 | N134: Instrumentation-Instruments-Flow Meter. Description: 50mm Bulk Flow Meter | O134: FIT-STD
A135: LAND | B135: LAND. | C135: Land | D135: Earth surface not permanently covered by water vested or procured to secure access rights to water supply and treatment of large infrastructure. | E135: =B135 -> LAND. | F135: LAND | G135: 1024 | K135: =J135&"1" -> 1 | N135: Instrumentation-Instruments-Flow Meter. Description: Clamp on Flow Meter at start of Treatment Plant | O135: FIT-STD
A136: ACT | B136: ACTUATOR. | C136: Mechanical Rotating | D136: Mechanical equipment that with the addition of kinetic energy can move other equipment, move material from one point to another, or to agitate media. | E136: =B136 -> ACTUATOR. | F136: MECR | G136: 1013 | K136: =J136&"1" -> 1 | N136: Instrumentation-Instruments-Flow Meter. Description: Effluent flow meter | O136: FIT-STD
...
